Workbook
Name \1: [1]PLANILHA!#REF!
Name \11: [2]PLANILHA!#REF!
Name \a: [3]COMPOS1!#REF!
Name \b: [4]SID_NI_5!#REF!
Name \c: [4]SID_NI_5!#REF!
Name \F: #REF!
Name \fagf: #REF!
Name \fagf: #REF!
Name \fagf: #REF!
Name \I: #REF!
Name \I: #REF!
Name \I: #REF!
Name \p: [4]SID_NI_5!#REF!
Name \R: #REF!
Name \S: #REF!
Name \S: #REF!
Name \S: #REF!
Name \w: [5]PLANILHA!#REF!
Name \z: [6]MARSHALL!$M$3
Name \ZACVDERVREW: #N/A
Name _\1: [7]planilha!#REF!
Name _\11: [8]planilha!#REF!
Name _\a: [9]compos1!#REF!
Name _\b: [10]sid_ni_5!#REF!
Name _\c: [10]sid_ni_5!#REF!
Name _\fagf: #REF!
Name _\fagf: #REF!
Name _\fagf: #REF!
Name _\I: #REF!
Name _\I: #REF!
Name _\I: #REF!
Name _\p: [10]sid_ni_5!#REF!
Name _\S: #REF!
Name _\S: #REF!
Name _\S: #REF!
Name _\w: [11]planilha!#REF!
Name _\z: [12]MARSHALL!$M$3
Name _\ZACVDERVREW: #N/A
Name _____________________________________Ext2: '[13]P A T O 99 B'!#REF!
Name _________________________________CC709: 'BDI DIFER_SEM DESON.'!Plan1
Name _________________________________CC709: 'BDI_SEM DESON.'!Plan1
Name _________________________________CC709: [0]!Plan1
Name _________________________________CC709: [0]!Plan1
Name _________________________________CC709: [0]!Plan1
Name ________________________________Ext2: '[13]P A T O 99 B'!#REF!
Name ______________________________Ext2: '[13]P A T O 99 B'!#REF!
Name _____________________________PL1: #REF!
Name _____________________________PL1: #REF!
Name _____________________________PL1: #REF!
Name ____________________________CC709: 'BDI DIFER_SEM DESON.'!Plan1
Name ____________________________CC709: 'BDI_SEM DESON.'!Plan1
Name ____________________________CC709: [14]!Plan1
Name ____________________________CC709: [15]!Plan1
Name ____________________________CC709: [0]!Plan1
Name ____________________________PL1: #REF!
Name ____________________________PL1: #REF!
Name ____________________________PL1: #REF!
Name ___________________________PL1: #REF!
Name ___________________________PL1: #REF!
Name ___________________________PL1: #REF!

Sheet RESUMO_ORÇ_S DESON
B1: DEPARTAMENTO DE ESTRADAS DE RODAGEM DE PERNAMBUCO DIRETORIA DE PLANEJAMENTO E PROJETOS RESUMO DO ORÇAMENTO SINTÉTICO
B4: Setor: DIRETORIA DE PLANEJAMENTO E PROJETOS
A6: ='ORÇAMENTO_S DESON'!A6 -> Serviço: Implantação e Restauração Rodoviária | I6: ='ORÇAMENTO_S DESON'!H6 -> Ano: 2025
A7: ='ORÇAMENTO_S DESON'!A7 -> Orçamento: Projeto Executivo para Implantação e Pavimentação da Rodovia PE-044 (Versão Onerada) | I7: ='ORÇAMENTO_S DESON'!H7 -> Rodovia: PE-044
A8: ='ORÇAMENTO_S DESON'!A8 -> Trecho: ITAQUITINGA – PRESÍDIO DE ITAQUITINGA II & CHÃ DE SAPÉ – INTERSEÇÃO COM PE-044 | I8: ='ORÇAMENTO_S DESON'!H8 -> Extensão:12,21 Km
A9: ='ORÇAMENTO_S DESON'!A9 -> BDI: 21,88 % (Geral) e 15,61% (Diferenciado) | F9: ='ORÇAMENTO_S DESON'!E9 -> Data Base: OUT-2025 | I9: ='ORÇAMENTO_S DESON'!H9 -> Preço Total: | J9: =SUM(J23) -> 38146183
A12: RESUMO DO ORÇAMENTO
A13: REFERÊNCIA | B13: DESCRIÇÃO | I13: % | J13: PREÇO (R$)
A14: ='ORÇAMENTO_S DESON'!A13 -> 01 | B14: ='ORÇAMENTO_S DESON'!D13 -> ADMINISTRAÇÃO LOCAL | I14: =J14/$J$23 -> 0.091410737 | J14: ='ORÇAMENTO_S DESON'!J13 -> 3486970.7
A15: ='ORÇAMENTO_S DESON'!A15 -> 02 | B15: ='ORÇAMENTO_S DESON'!D15 -> CANTEIRO DE OBRAS | I15: =J15/$J$23 -> 0.014811392 | J15: ='ORÇAMENTO_S DESON'!J15 -> 564998.07
A16: ='ORÇAMENTO_S DESON'!A20 -> 03 | B16: ='ORÇAMENTO_S DESON'!D20 -> MOBILIZAÇÃO E DESMOBILIZAÇÃO | I16: =J16/$J$23 -> 0.0051408766 | J16: ='ORÇAMENTO_S DESON'!J20 -> 196104.82
A17: ='ORÇAMENTO_S DESON'!A22 -> 04 | B17: ='ORÇAMENTO_S DESON'!D22 -> DRENAGEM SUPERFICIAL E OBRAS DE ARTE CORRENTES | I17: =J17/$J$23 -> 0.20779224 | J17: ='ORÇAMENTO_S DESON'!J22 -> 7926481
A18: 05 | B18: TERRAPLENAGEM | I18: =J18/$J$23 -> 0.13255706 | J18: ='ORÇAMENTO_S DESON'!J64 -> 5056545.8
A19: 06 | B19: ='ORÇAMENTO_S DESON'!D85 -> PAVIMENTAÇÃO | I19: =J19/$J$23 -> 0.50687673 | J19: ='ORÇAMENTO_S DESON'!J85 -> 19335413
A20: 07 | B20: ='ORÇAMENTO_S DESON'!D113 -> SINALIZAÇÃO E SEGURANÇA VIÁRIA | I20: =J20/$J$23 -> 0.024600649 | J20: ='ORÇAMENTO_S DESON'!J113 -> 938420.86
A21: 08 | B21: OBRAS COMPLEMENTARES (SEGURANÇA VIÁRIA) | I21: =J21/$J$23 -> 0.014709611 | J21: ='ORÇAMENTO_S DESON'!J142 -> 561115.51
A22: 09 | B22: PROTEÇÃO VEGETAL | I22: =J22/$J$23 -> 0.002100704 | J22: ='ORÇAMENTO_S DESON'!J146 -> 80133.84
A23: TOTAIS GERAIS: | I23: =SUM(I14:I22) -> 1 | J23: =SUM(J14:K22) -> 38146183
J27: =J23/12.21 -> 3124175.5 | L27: por km
J30: =J19/12.21 -> 1583571.9 | L30: por km pavimentação

Sheet ORÇAMENTO_S DESON
B1: DEPARTAMENTO DE ESTRADAS DE RODAGEM DE PERNAMBUCO DIRETORIA DE PLANEJAMENTO E PROJETOS RELATÓRIO SINTÉTICO DO ORÇAMENTO
B4: Setor: DIRETORIA DE PLANEJAMENTO E PROJETOS
A6: Serviço: Implantação e Restauração Rodoviária | H6: Ano: 2025
A7: Orçamento: Projeto Executivo para Implantação e Pavimentação da Rodovia PE-044 (Versão Onerada) | H7: Rodovia: PE-044
A8: Trecho: ITAQUITINGA – PRESÍDIO DE ITAQUITINGA II & CHÃ DE SAPÉ – INTERSEÇÃO COM PE-044 | H8: Extensão:12,21 Km
A9: BDI: 21,88 % (Geral) e 15,61% (Diferenciado) | E9: Data Base: OUT-2025 | H9: Preço Total: | I9: =J148 -> 38146183
A11: RELATÓRIO SINTÉTICO DO ORÇAMENTO
A12: ITEM | B12: CÓDIGO | C12: FONTE | D12: DESCRIÇÃO COMPLETA | E12: UNID. | F12: QUANT. | G12: CUSTO UNITÁRIO (R$) | H12: BDI (%) | I12: PREÇO UNITÁRIO (R$) | J12: PREÇO TOTAL (R$)
A13: 01 | D13: ADMINISTRAÇÃO LOCAL | J13: =SUM(J14) -> 3486970.7
A14: 01.01 | B14: CP0001 | C14: Apropriada | D14: CUSTO DA ADMINISTRAÇÃO LOCAL | E14: UN | F14: 1 | G14: 2860986.8 | H14: 21.88 | I14: =ROUND(G14*((H14/100)+1),2) -> 3486970.7 | J14: =TRUNC(F14*I14,2) -> 3486970.7
A15: 02 | D15: CANTEIRO DE OBRAS | J15: =SUM(J16:J19) -> 564998.07
A16: 02.01 | B16: CP0002 | C16: Apropriada | D16: INSTALAÇÃO DO CANTEIRO DE OBRAS | E16: UN | F16: 1 | G16: 32139.84 | H16: 21.88 | I16: =ROUND(G16*((H16/100)+1),2) -> 39172.04 | J16: =TRUNC(F16*I16,2) -> 39172.04
A17: 02.02 | B17: 903810 | C17: DNIT PE 10/2025 | D17: INSTALAÇÃO DA USINA DE ASFALTO A QUENTE COM CAPACIDADE DE 120 T/H | E17: UN | F17: 1 | G17: 211834.03 | H17: 21.88 | I17: =ROUND(G17*((H17/100)+1),2) -> 258183.32 | J17: =TRUNC(F17*I17,2) -> 258183.32
A18: 02.03 | B18: 903808 | C18: DNIT PE 10/2025 | D18: Instalação da usina misturadora de solos com capacidade de 300 t/h | E18: UN | F18: 1 | G18: 126740.39 | H18: 21.88 | I18: =ROUND(G18*((H18/100)+1),2) -> 154471.19 | J18: =TRUNC(F18*I18,2) -> 154471.19
A19: 02.04 | B19: 903802 | C19: DNIT PE 10/2025 | D19: BACIA DE CONTENÇÃO PARA TANQUE DE EMULSÃO DE 30.000 L - INCLUSIVE DEMOLIÇÃO | E19: UN | F19: 6 | G19: 15475.81 | H19: 21.88 | I19: =ROUND(G19*((H19/100)+1),2) -> 18861.92 | J19: =TRUNC(F19*I19,2) -> 113171.52
A20: 03 | D20: MOBILIZAÇÃO E DESMOBILIZAÇÃO | J20: =SUM(J21) -> 196104.82
A21: 03.01 | B21: CP0003 | C21: Apropriada | D21: MOBILIZAÇÃO E DESMOBILIZAÇÃO DE EQUIPAMENTOS | E21: UN | F21: 1 | G21: 160899.92 | H21: 21.88 | I21: =ROUND(G21*((H21/100)+1),2) -> 196104.82 | J21: =TRUNC(F21*I21,2) -> 196104.82
A22: 04 | D22: DRENAGEM SUPERFICIAL E OBRAS DE ARTE CORRENTES | J22: =SUM(J23+J40) -> 7926481
A23: 04.01 | D23: DRENAGEM SUPERFICIAL | J23: =SUM(J24:J39) -> 6549000.4
A24: 04.01.01 | B24: 2003373 | C24: DNIT PE 10/2025 | D24: MEIO-FIO DE CONCRETO - MFC 03 - AREIA E BRITA COMERCIAIS - FÔRMA DE MADEIRA | E24: M | F24: 2741.81 | G24: 68.28 | H24: 21.88 | I24: =ROUND(G24*((H24/100)+1),2) -> 83.22 | J24: =TRUNC(F24*I24,2) -> 228173.42
A25: 04.01.02 | B25: 2003377 | C25: DNIT PE 10/2025 | D25: MEIO-FIO DE CONCRETO - MFC 05 - AREIA E BRITA COMERCIAIS - FÔRMA DE MADEIRA | E25: M | F25: 1434.73 | G25: 59.77 | H25: 21.88 | I25: =ROUND(G25*((H25/100)+1),2) -> 72.85 | J25: =TRUNC(F25*I25,2) -> 104520.08
A26: 04.01.03 | B26: 2003111 | C26: DNIT PE 10/2025 | D26: ENTRADA PARA DESCIDA D'ÁGUA - EDA 05 A - AREIA E BRITA COMERCIAIS | E26: UND | F26: 42 | G26: 213.56 | H26: 21.88 | I26: =ROUND(G26*((H26/100)+1),2) -> 260.29 | J26: =TRUNC(F26*I26,2) -> 10932.18
A27: 04.01.04 | B27: 2003123 | C27: DNIT PE 10/2025 | D27: ENTRADA PARA DESCIDA D'ÁGUA - EDA 05 B - AREIA E BRITA COMERCIAIS | E27: UND | F27: 4 | G27: 309.06 | H27: 21.88 | I27: =ROUND(G27*((H27/100)+1),2) -> 376.68 | J27: =TRUNC(F27*I27,2) -> 1506.72
A28: 04.01.05 | B28: 2003407 | C28: DNIT PE 10/2025 | D28: DESCIDA D'ÁGUA DE ATERROS EM DEGRAUS - DAD 60-36 - AREIA E BRITA COMERCIAIS | E28: M | F28: 230 | G28: 686.17 | H28: 21.88 | I28: =ROUND(G28*((H28/100)+1),2) -> 836.3 | J28: =TRUNC(F28*I28,2) -> 192349
A29: 04.01.06 | B29: 2003307 | C29: DNIT PE 10/2025 | D29: VALETA DE PROTEÇÃO DE CORTES COM REVESTIMENTO DE CONCRETO - VPCC 160-30 - ESCAVAÇÃO MECÂNICA - AREIA E BRITA COMERCIAIS | E29: M | F29: 2392.38 | G29: 124.34 | H29: 21.88 | I29: =ROUND(G29*((H29/100)+1),2) -> 151.55 | J29: =TRUNC(F29*I29,2) -> 362565.18
A30: 04.01.07 | B30: 2003313 | C30: DNIT PE 10/2025 | D30: VALETA DE PROTEÇÃO DE ATERROS COM REVESTIMENTO DE CONCRETO - VPAC 160-30 - ESCAVAÇÃO MECÂNICA - AREIA E BRITA COMERCIAIS | E30: M | F30: 4734 | G30: 124.34 | H30: 21.88 | I30: =ROUND(G30*((H30/100)+1),2) -> 151.55 | J30: =TRUNC(F30*I30,2) -> 717437.7
A31: 04.01.08 | B31: 2003227 | C31: DNIT PE 10/2025 | D31: DISSIPADOR DE ENERGIA - DES 160-480 - AREIA, BRITA E PEDRA DE MÃO COMERCIAIS | E31: UND | F31: 54 | G31: 1652.64 | H31: 21.88 | I31: =ROUND(G31*((H31/100)+1),2) -> 2014.24 | J31: =TRUNC(F31*I31,2) -> 108768.96
A32: 04.01.09 | B32: 2003257 | C32: DNIT PE 10/2025 | D32: SARJETA TRIANGULAR DE CONCRETO - STC 100-20 - ESCAVAÇÃO MECÂNICA - AREIA E BRITA COMERCIAIS | E32: M | F32: 7421.79 | G32: 57.72 | H32: 21.88 | I32: =ROUND(G32*((H32/100)+1),2) -> 70.35 | J32: =TRUNC(F32*I32,2) -> 522122.92
A33: 04.01.10 | B33: 2003238 | C33: DNIT PE 10/2025 | D33: DISSIPADOR DE ENERGIA - DES 100-300 - AREIA EXTRAÍDA E BRITA E PEDRA DE MÃO PRODUZIDAS | E33: UND | F33: 49 | G33: 716.71 | H33: 21.88 | I33: =ROUND(G33*((H33/100)+1),2) -> 873.53 | J33: =TRUNC(F33*I33,2) -> 42802.97
A34: 04.01.11 | B34: 2003343 | C34: DNIT PE 10/2025 | D34: SARJETA TRAPEZOIDAL DE CONCRETO - SZC 90-30 - ESCAVAÇÃO MECÂNICA - AREIA E BRITA COMERCIAIS | E34: M | F34: 419.98 | G34: 75.97 | H34: 21.88 | I34: =ROUND(G34*((H34/100)+1),2) -> 92.59 | J34: =TRUNC(F34*I34,2) -> 38885.94
A35: 04.01.12 | B35: 2003240 | C35: DNIT PE 10/2025 | D35: DISSIPADOR DE ENERGIA - DES 90-270 - AREIA EXTRAÍDA E BRITA E PEDRA DE MÃO PRODUZIDAS | E35: UND | F35: 3 | G35: 627.02 | H35: 21.88 | I35: =ROUND(G35*((H35/100)+1),2) -> 764.21 | J35: =TRUNC(F35*I35,2) -> 2292.63
... A39: 04.01.16 | B39: 2003921 | C39: DNIT PE 10/2025 | D39: BOCA DE SAÍDA PARA DRENO LONGITUDINAL PROFUNDO - BSD 02 - TUBO DE PEAD - AREIA E BRITA COMERCIAIS | E39: UND | F39: 49 | G39: 276.29 | H39: 21.88 | I39: =ROUND(G39*((H39/100)+1),2) -> 336.74 | J39: =TRUNC(F39*I39,2) -> 16500.26
A40: 04.02 | D40: OBRAS DE ARTE CORRENTE | J40: =SUM(J41:J63) -> 1377480.6
A41: 04.02.01 | B41: 804037 | C41: DNIT PE 10/2025 | D41: CORPO DE BSTC D = 1,00 M PA1 - AREIA, BRITA E PEDRA DE MÃO COMERCIAIS | E41: M | F41: 205 | G41: 799.26 | H41: 21.88 | I41: =ROUND(G41*((H41/100)+1),2) -> 974.14 | J41: =TRUNC(F41*I41,2) -> 199698.7
A42: 04.02.02 | B42: 804045 | C42: DNIT PE 10/2025 | D42: CORPO DE BSTC D = 1,20 M PA1 - AREIA, BRITA E PEDRA DE MÃO COMERCIAIS | E42: M | F42: 27 | G42: 979.68 | H42: 21.88 | I42: =ROUND(G42*((H42/100)+1),2) -> 1194.03 | J42: =TRUNC(F42*I42,2) -> 32238.81
A43: 04.02.03 | B43: 804197 | C43: DNIT PE 10/2025 | D43: CORPO DE BDTC D = 1,20 M PA1 - AREIA, BRITA E PEDRA DE MÃO COMERCIAIS | E43: M | F43: 25 | G43: 1901.01 | H43: 21.88 | I43: =ROUND(G43*((H43/100)+1),2) -> 2316.95 | J43: =TRUNC(F43*I43,2) -> 57923.75
A44: 04.02.04 | B44: 804309 | C44: DNIT PE 10/2025 | D44: CORPO DE BTTC D = 1,50 M PA1 - AREIA, BRITA E PEDRA DE MÃO COMERCIAIS | E44: M | F44: 42 | G44: 4488.83 | H44: 21.88 | I44: =ROUND(G44*((H44/100)+1),2) -> 5470.99 | J44: =TRUNC(F44*I44,2) -> 229781.58
A45: 04.02.05 | B45: 705388 | C45: DNIT PE 10/2025 | D45: CORPO DE BTCC 3,00 X 3,00 M - MOLDADO NO LOCAL - ALTURA DO ATERRO 0,00 A 1,00 M - AREIA E BRITA COMERCIAIS | E45: M | F45: 13 | G45: 13772.51 | H45: 21.88 | I45: =ROUND(G45*((H45/100)+1),2) -> 16785.94 | J45: =TRUNC(F45*I45,2) -> 218217.22
A46: 04.02.06 | B46: 804393 | C46: DNIT PE 10/2025 | D46: BOCA DE BSTC D = 1,00 M - ESCONSIDADE 0° - AREIA E BRITA COMERCIAIS - ALAS ESCONSAS | E46: UND | F46: 28 | G46: 2954.14 | H46: 21.88 | I46: =ROUND(G46*((H46/100)+1),2) -> 3600.51 | J46: =TRUNC(F46*I46,2) -> 100814.28
A47: 04.02.07 | B47: 804401 | C47: DNIT PE 10/2025 | D47: BOCA DE BSTC D = 1,20 M - ESCONSIDADE 0° - AREIA E BRITA COMERCIAIS - ALAS ESCONSAS | E47: UND | F47: 4 | G47: 4258.04 | H47: 21.88 | I47: =ROUND(G47*((H47/100)+1),2) -> 5189.7 | J47: =TRUNC(F47*I47,2) -> 20758.8
A48: 04.02.08 | B48: 804425 | C48: DNIT PE 10/2025 | D48: BOCA DE BDTC D = 1,20 M - ESCONSIDADE 0° - AREIA E BRITA COMERCIAIS - ALAS ESCONSAS | E48: UND | F48: 2 | G48: 5944.81 | H48: 21.88 | I48: =ROUND(G48*((H48/100)+1),2) -> 7245.53 | J48: =TRUNC(F48*I48,2) -> 14491.06
A49: 04.02.09 | B49: 804457 | C49: DNIT PE 10/2025 | D49: BOCA DE BTTC D = 1,50 M - ESCONSIDADE 0° - AREIA E BRITA COMERCIAIS - ALAS ESCONSAS | E49: UND | F49: 4 | G49: 13297.73 | H49: 21.88 | I49: =ROUND(G49*((H49/100)+1),2) -> 16207.27 | J49: =TRUNC(F49*I49,2) -> 64829.08
A50: 04.02.10 | B50: 705411 | C50: DNIT PE 10/2025 | D50: BOCA DE BTCC 2,00 X 2,00 M - ESCONSIDADE 0° - AREIA E BRITA COMERCIAIS | E50: UND | F50: 2 | G50: 26435.01 | H50: 21.88 | I50: =ROUND(G50*((H50/100)+1),2) -> 32218.99 | J50: =TRUNC(F50*I50,2) -> 64437.98
A51: 04.02.11 | B51: 705419 | C51: DNIT PE 10/2025 | D51: BOCA DE BTCC 2,50 X 2,50 M - ESCONSIDADE 0° - AREIA E BRITA COMERCIAIS | E51: UND | F51: 2 | G51: 37380.2 | H51: 21.88 | I51: =ROUND(G51*((H51/100)+1),2) -> 45558.99 | J51: =TRUNC(F51*I51,2) -> 91117.98
A52: 04.02.12 | B52: 705427 | C52: DNIT PE 10/2025 | D52: BOCA DE BTCC 3,00 X 3,00 M - ESCONSIDADE 0° - AREIA E BRITA COMERCIAIS | E52: UND | F52: 2 | G52: 52724.17 | H52: 21.88 | I52: =ROUND(G52*((H52/100)+1),2) -> 64260.22 | J52: =TRUNC(F52*I52,2) -> 128520.44
... A63: 04.02.23 | B63: 4413942 | C63: DNIT PE 10/2025 | D63: ESPALHAMENTO DE MATERIAL EM BOTA-FORA | E63: M³ | F63: 1099.72 | G63: 2.72 | H63: 21.88 | I63: =ROUND(G63*((H63/100)+1),2) -> 3.32 | J63: =TRUNC(F63*I63,2) -> 3651.07
A64: 05 | D64: TERRAPLENAGEM | J64: =SUM(J65:J84) -> 5056545.8 | K64: 1.4 | L64: 3527740.1
A65: 05.01 | B65: 5501700 | C65: DNIT PE 10/2025 | D65: DESMATAMENTO, DESTOCAMENTO, LIMPEZA DE ÁREA E ESTOCAGEM DO MATERIAL DE LIMPEZA COM ÁRVORES DE DIÂMETRO ATÉ 0,15 M | E65: M² | F65: 130563.23 | G65: 0.72 | H65: 21.88 | I65: =ROUND(G65*((H65/100)+1),2) -> 0.88 | J65: =TRUNC(F65*I65,2) -> 114895.64
A66: 05.02 | B66: 5501701 | C66: DNIT PE 10/2025 | D66: DESTOCAMENTO DE ÁRVORES COM DIÂMETRO DE 0,15 A 0,30 M | E66: UN | F66: 653 | G66: 53.47 | H66: 21.88 | I66: =ROUND(G66*((H66/100)+1),2) -> 65.17 | J66: =TRUNC(F66*I66,2) -> 42556.01
A67: 05.03 | B67: 5501702 | C67: DNIT PE 10/2025 | D67: DESTOCAMENTO DE ÁRVORES COM DIÂMETRO MAIOR QUE 0,30 M | E67: UN | F67: 13 | G67: 133.67 | H67: 21.88 | I67: =ROUND(G67*((H67/100)+1),2) -> 162.92 | J67: =TRUNC(F67*I67,2) -> 2117.96
A68: 05.04 | B68: 5502109 | C68: DNIT PE 10/2025 | D68: ESCAVAÇÃO, CARGA E TRANSPORTE DE MATERIAL DE 1ª CATEGORIA - DMT DE 50 A 200 M - CAMINHO DE SERVIÇO EM LEITO NATURAL - COM ESCAVADEIRA E CAMINHÃO BASCULANTE DE 14 M³ | E68: M³ | F68: 686.64 | G68: 6.36 | H68: 21.88 | I68: =ROUND(G68*((H68/100)+1),2) -> 7.75 | J68: =TRUNC(F68*I68,2) -> 5321.46
A69: 05.05 | B69: 5502110 | C69: DNIT PE 10/2025 | D69: ESCAVAÇÃO, CARGA E TRANSPORTE DE MATERIAL DE 1ª CATEGORIA - DMT DE 200 A 400 M - CAMINHO DE SERVIÇO EM LEITO NATURAL - COM ESCAVADEIRA E CAMINHÃO BASCULANTE DE 14 M³ | E69: M³ | F69: 26761.63 | G69: 6.78 | H69: 21.88 | I69: =ROUND(G69*((H69/100)+1),2) -> 8.26 | J69: =TRUNC(F69*I69,2) -> 221051.06
A70: 05.06 | B70: 5502111 | C70: DNIT PE 10/2025 | D70: ESCAVAÇÃO, CARGA E TRANSPORTE DE MATERIAL DE 1ª CATEGORIA - DMT DE 400 A 600 M - CAMINHO DE SERVIÇO EM LEITO NATURAL - COM ESCAVADEIRA E CAMINHÃO BASCULANTE DE 14 M³ | E70: M³ | F70: 41604.6 | G70: 7.16 | H70: 21.88 | I70: =ROUND(G70*((H70/100)+1),2) -> 8.73 | J70: =TRUNC(F70*I70,2) -> 363208.15
A71: 05.07 | B71: 5502112 | C71: DNIT PE 10/2025 | D71: ESCAVAÇÃO, CARGA E TRANSPORTE DE MATERIAL DE 1ª CATEGORIA - DMT DE 600 A 800 M - CAMINHO DE SERVIÇO EM LEITO NATURAL - COM ESCAVADEIRA E CAMINHÃO BASCULANTE DE 14 M³ | E71: M³ | F71: 2706.84 | G71: 7.93 | H71: 21.88 | I71: =ROUND(G71*((H71/100)+1),2) -> 9.67 | J71: =TRUNC(F71*I71,2) -> 26175.14
A72: 05.08 | B72: 5502113 | C72: DNIT PE 10/2025 | D72: ESCAVAÇÃO, CARGA E TRANSPORTE DE MATERIAL DE 1ª CATEGORIA - DMT DE 800 A 1.000 M - CAMINHO DE SERVIÇO EM LEITO NATURAL - COM ESCAVADEIRA E CAMINHÃO BASCULANTE DE 14 M³ | E72: M³ | F72: 9382.59 | G72: 8.22 | H72: 21.88 | I72: =ROUND(G72*((H72/100)+1),2) -> 10.02 | J72: =TRUNC(F72*I72,2) -> 94013.55
A73: 05.09 | B73: 5502114 | C73: DNIT PE 10/2025 | D73: ESCAVAÇÃO, CARGA E TRANSPORTE DE MATERIAL DE 1ª CATEGORIA - DMT DE 1.000 A 1.200 M - CAMINHO DE SERVIÇO EM LEITO NATURAL - COM ESCAVADEIRA E CAMINHÃO BASCULANTE DE 14 M³ | E73: M³ | F73: 72536.46 | G73: 8.5 | H73: 21.88 | I73: =ROUND(G73*((H73/100)+1),2) -> 10.36 | J73: =TRUNC(F73*I73,2) -> 751477.72
A74: 05.10 | B74: 5502115 | C74: DNIT PE 10/2025 | D74: ESCAVAÇÃO, CARGA E TRANSPORTE DE MATERIAL DE 1ª CATEGORIA - DMT DE 1.200 A 1.400 M - CAMINHO DE SERVIÇO EM LEITO NATURAL - COM ESCAVADEIRA E CAMINHÃO BASCULANTE DE 14 M³ | E74: M³ | F74: 13654.37 | G74: 9.26 | H74: 21.88 | I74: =ROUND(G74*((H74/100)+1),2) -> 11.29 | J74: =TRUNC(F74*I74,2) -> 154157.83
A75: 05.11 | B75: 5502117 | C75: DNIT PE 10/2025 | D75: ESCAVAÇÃO, CARGA E TRANSPORTE DE MATERIAL DE 1ª CATEGORIA - DMT DE 1.600 A 1.800 M - CAMINHO DE SERVIÇO EM LEITO NATURAL - COM ESCAVADEIRA E CAMINHÃO BASCULANTE DE 14 M³ | E75: M³ | F75: 5468.85 | G75: 9.77 | H75: 21.88 | I75: =ROUND(G75*((H75/100)+1),2) -> 11.91 | J75: =TRUNC(F75*I75,2) -> 65134
A76: 05.12 | B76: 5502118 | C76: DNIT PE 10/2025 | D76: ESCAVAÇÃO, CARGA E TRANSPORTE DE MATERIAL DE 1ª CATEGORIA - DMT DE 1.800 A 2.000 M - CAMINHO DE SERVIÇO EM LEITO NATURAL - COM ESCAVADEIRA E CAMINHÃO BASCULANTE DE 14 M³ | E76: M³ | F76: 549.6 | G76: 10.05 | H76: 21.88 | I76: =ROUND(G76*((H76/100)+1),2) -> 12.25 | J76: =TRUNC(F76*I76,2) -> 6732.6
A77: 05.13 | B77: 5502119 | C77: DNIT PE 10/2025 | D77: ESCAVAÇÃO, CARGA E TRANSPORTE DE MATERIAL DE 1ª CATEGORIA - DMT DE 2.000 A 2.500 M - CAMINHO DE SERVIÇO EM LEITO NATURAL - COM ESCAVADEIRA E CAMINHÃO BASCULANTE DE 14 M³ | E77: M³ | F77: 579.18 | G77: 11 | H77: 21.88 | I77: =ROUND(G77*((H77/100)+1),2) -> 13.41 | J77: =TRUNC(F77*I77,2) -> 7766.8
A78: 05.14 | B78: 5502120 | C78: DNIT PE 10/2025 | D78: ESCAVAÇÃO, CARGA E TRANSPORTE DE MATERIAL DE 1ª CATEGORIA - DMT DE 2.500 A 3.000 M - CAMINHO DE SERVIÇO EM LEITO NATURAL - COM ESCAVADEIRA E CAMINHÃO BASCULANTE DE 14 M³ | E78: M³ | F78: 20574.87 | G78: 12.19 | H78: 21.88 | I78: =ROUND(G78*((H78/100)+1),2) -> 14.86 | J78: =TRUNC(F78*I78,2) -> 305742.56
A79: 05.15 | B79: CP0004 | C79: Apropriada | D79: ESCAVAÇÃO, CARGA E TRANSPORTE DE MATERIAL DE 1ª CATEGORIA - DMT DE 3.000 A 3.500 M - CAMINHO DE SERVIÇO EM LEITO NATURAL - COM ESCAVADEIRA E CAMINHÃO BASCULANTE DE 14 M³ | E79: M³ | F79: 30208.82 | G79: 13.53 | H79: 21.88 | I79: =ROUND(G79*((H79/100)+1),2) -> 16.49 | J79: =TRUNC(F79*I79,2) -> 498143.44
A80: 05.16 | B80: CP0005 | C80: Apropriada | D80: ESCAVAÇÃO, CARGA E TRANSPORTE DE MATERIAL DE 1ª CATEGORIA - DMT DE 3.500 A 4.000 M - CAMINHO DE SERVIÇO EM LEITO NATURAL - COM ESCAVADEIRA E CAMINHÃO BASCULANTE DE 14 M³ | E80: M³ | F80: 8112.76 | G80: 11.46 | H80: 21.88 | I80: =ROUND(G80*((H80/100)+1),2) -> 13.97 | J80: =TRUNC(F80*I80,2) -> 113335.25
A81: 05.17 | B81: CP0006 | C81: Apropriada | D81: ESCAVAÇÃO, CARGA E TRANSPORTE DE MATERIAL DE 1ª CATEGORIA - DMT DE 6.500 A 7.000 M - CAMINHO DE SERVIÇO EM LEITO NATURAL - COM ESCAVADEIRA E CAMINHÃO BASCULANTE DE 14 M³ | E81: M³ | F81: 9706.61 | G81: 16.69 | H81: 21.88 | I81: =ROUND(G81*((H81/100)+1),2) -> 20.34 | J81: =TRUNC(F81*I81,2) -> 197432.44
A82: 05.18 | B82: 5503041 | C82: DNIT PE 10/2025 | D82: COMPACTAÇÃO DE ATERROS A 100% DO PROCTOR INTERMEDIÁRIO | E82: M³ | F82: 164552.71 | G82: 6.65 | H82: 21.88 | I82: =ROUND(G82*((H82/100)+1),2) -> 8.11 | J82: =TRUNC(F82*I82,2) -> 1334522.5
A83: 05.19 | B83: 5502978 | C83: DNIT PE 10/2025 | D83: COMPACTAÇÃO DE ATERROS A 100% DO PROCTOR NORMAL | E83: M³ | F83: 82417.5 | G83: 5.73 | H83: 21.88 | I83: =ROUND(G83*((H83/100)+1),2) -> 6.98 | J83: =TRUNC(F83*I83,2) -> 575274.15
A84: 05.20 | B84: CP0007 | C84: Apropriada | D84: DESTINAÇÃO TRANSPORTE DE RESÍDUOS SÓLIDOS PARA ATERRO LICENCIADO | E84: T | F84: 9139.424 | G84: 16.8 | H84: 15.61 | I84: =ROUND(G84*((H84/100)+1),2) -> 19.42 | J84: =TRUNC(F84*I84,2) -> 177487.61
A85: 05 | D85: PAVIMENTAÇÃO | J85: =J86+J100+J96+J109 -> 19335413
A86: 05.01 | D86: PISTA PRINCIPAL | J86: =SUM(J87:J95) -> 12175639
A87: 05.01.01 | B87: 1600441 | C87: DNIT PE 10/2025 | D87: Remoção de paralelepípedos | E87: m² | F87: 2160 | G87: 137.93 | H87: 21.88 | I87: =ROUND(G87*((H87/100)+1),2) -> 168.11 | J87: =TRUNC(F87*I87,2) -> 363117.6
A88: 05.01.02 | B88: 4011209 | C88: DNIT PE 10/2025 | D88: Regularização do subleito - 100% Proctor intermediário | E88: m² | F88: 109148.31 | G88: 1.85 | H88: 21.88 | I88: =ROUND(G88*((H88/100)+1),2) -> 2.25 | J88: =TRUNC(F88*I88,2) -> 245583.69
A89: 05.01.03 | B89: 4011212 | C89: DNIT PE 10/2025 | D89: Varredura da superfície para execução de revestimento asfáltico | E89: m² | F89: 97516.72 | G89: 0.08 | H89: 21.88 | I89: =ROUND(G89*((H89/100)+1),2) -> 0.1 | J89: =TRUNC(F89*I89,2) -> 9751.67
A90: 05.01.04 | B90: 4011461 | C90: DNIT PE 10/2025 | D90: Concreto asfáltico com asfalto polímero - faixa B - areia e brita comerciais | E90: t | F90: 11702.006 | G90: 208.28 | H90: 21.88 | I90: =ROUND(G90*((H90/100)+1),2) -> 253.85 | J90: =TRUNC(F90*I90,2) -> 2970554.2
A91: 05.01.05 | B91: 4011282 | C91: DNIT PE 10/2025 | D91: Base ou sub-base de macadame hidráulico com brita comercial - 100% Proctor modificado | E91: m³ | F91: 15644.59 | G91: 164.21 | H91: 21.88 | I91: =ROUND(G91*((H91/100)+1),2) -> 200.14 | J91: =TRUNC(F91*I91,2) -> 3131108.2
A92: 05.01.06 | B92: 4011278 | C92: DNIT PE 10/2025 | D92: Base ou sub-base de brita graduada tratada com cimento com brita comercial - 100% Proctor modificado | E92: m³ | F92: 14916.936 | G92: 249.89 | H92: 21.88 | I92: =ROUND(G92*((H92/100)+1),2) -> 304.57 | J92: =TRUNC(F92*I92,2) -> 4543251.2
A93: 05.01.07 | B93: 4011539 | C93: DNIT PE 10/2025 | D93: Cura com pintura asfáltica para camadas granulares com adição de cimento | E93: m² | F93: 97020.72 | G93: 0.35 | H93: 21.88 | I93: =ROUND(G93*((H93/100)+1),2) -> 0.43 | J93: =TRUNC(F93*I93,2) -> 41718.9
A94: 05.01.08 | B94: 4011372 | C94: DNIT PE 10/2025 | D94: Tratamento superficial duplo com banho diluído - brita comercial | E94: m² | F94: 97020.72 | G94: 6.9 | H94: 21.88 | I94: =ROUND(G94*((H94/100)+1),2) -> 8.41 | J94: =TRUNC(F94*I94,2) -> 815944.25
A95: 05.01.09 | B95: 4011353 | C95: DNIT PE 10/2025 | D95: Pintura de ligação | E95: m² | F95: 97516.72 | G95: 0.46 | H95: 21.88 | I95: =ROUND(G95*((H95/100)+1),2) -> 0.56 | J95: =TRUNC(F95*I95,2) -> 54609.36
A96: 05.01.10 | D96: AQUISIÇÃO E TRANSPORTE DE MATERIAIS BETUMINOSOS | J96: =SUM(J97:J99) -> 6872560.4
A97: 05.01.10.01 | B97: CP0008 | C97: Apropriada | D97: AQUISIÇÃO E TRANSPORTE DE CIMENTO ASFÁLTICO DE PETRÓLEO COM POLÍMERO - CAP 55/75-E | E97: T | F97: 622.195 | G97: 6143.26 | H97: 21.88 | I97: =ROUND(G97*((H97/100)+1),2) -> 7487.41 | J97: =TRUNC(F97*I97,2) -> 4658629.1
A98: 05.01.10.02 | B98: CP0009 | C98: Apropriada | D98: AQUISIÇÃO E TRANSPORTE RR-2C | E98: T | F98: 434.653 | G98: 3724.98 | H98: 21.88 | I98: =ROUND(G98*((H98/100)+1),2) -> 4540.01 | J98: =TRUNC(F98*I98,2) -> 1973329
A99: 05.01.10.03 | B99: CP0010 | C99: Apropriada | D99: AQUISIÇÃO E TRANSPORTE RR-1C | E99: T | F99: 43.882 | G99: 4498.64 | H99: 21.88 | I99: =ROUND(G99*((H99/100)+1),2) -> 5482.94 | J99: =TRUNC(F99*I99,2) -> 240602.37
A100: 05.02 | D100: LIMPA RODAS | J100: =SUM(J101:J108) -> 179669.99
A101: 05.02.01 | B101: 4011209 | C101: DNIT PE 10/2025 | D101: Regularização do subleito - 100% Proctor intermediário | E101: m² | F101: 1523.58 | G101: 1.85 | H101: 21.88 | I101: =ROUND(G101*((H101/100)+1),2) -> 2.25 | J101: =TRUNC(F101*I101,2) -> 3428.05
A102: 05.02.02 | B102: 4011212 | C102: DNIT PE 10/2025 | D102: Varredura da superfície para execução de revestimento asfáltico | E102: m² | F102: 1523.58 | G102: 0.08 | H102: 21.88 | I102: =ROUND(G102*((H102/100)+1),2) -> 0.1 | J102: =TRUNC(F102*I102,2) -> 152.35
A103: 05.02.03 | B103: 4011461 | C103: DNIT PE 10/2025 | D103: Concreto asfáltico com asfalto polímero - faixa B - areia e brita comerciais | E103: t | F103: 182.858 | G103: 208.28 | H103: 21.88 | I103: =ROUND(G103*((H103/100)+1),2) -> 253.85 | J103: =TRUNC(F103*I103,2) -> 46418.5
A104: 05.02.04 | B104: 4011282 | C104: DNIT PE 10/2025 | D104: Base ou sub-base de macadame hidráulico com brita comercial - 100% Proctor modificado | E104: m³ | F104: 228.54 | G104: 164.21 | H104: 21.88 | I104: =ROUND(G104*((H104/100)+1),2) -> 200.14 | J104: =TRUNC(F104*I104,2) -> 45739.99
A105: 05.02.05 | B105: 4011278 | C105: DNIT PE 10/2025 | D105: Base ou sub-base de brita graduada tratada com cimento com brita comercial - 100% Proctor modificado | E105: m³ | F105: 228.55 | G105: 249.89 | H105: 21.88 | I105: =ROUND(G105*((H105/100)+1),2) -> 304.57 | J105: =TRUNC(F105*I105,2) -> 69609.47
A106: 05.02.06 | B106: 4011539 | C106: DNIT PE 10/2025 | D106: Cura com pintura asfáltica para camadas granulares com adição de cimento | E106: m² | F106: 1523.58 | G106: 0.35 | H106: 21.88 | I106: =ROUND(G106*((H106/100)+1),2) -> 0.43 | J106: =TRUNC(F106*I106,2) -> 655.13
A107: 05.02.07 | B107: 4011372 | C107: DNIT PE 10/2025 | D107: Tratamento superficial duplo com banho diluído - brita comercial | E107: m² | F107: 1523.58 | G107: 6.9 | H107: 21.88 | I107: =ROUND(G107*((H107/100)+1),2) -> 8.41 | J107: =TRUNC(F107*I107,2) -> 12813.3
A108: 05.02.08 | B108: 4011353 | C108: DNIT PE 10/2025 | D108: Pintura de ligação | E108: m² | F108: 1523.58 | G108: 0.46 | H108: 21.88 | I108: =ROUND(G108*((H108/100)+1),2) -> 0.56 | J108: =TRUNC(F108*I108,2) -> 853.2
A109: 05.02.09 | D109: AQUISIÇÃO E TRANSPORTE DE MATERIAIS BETUMINOSOS | J109: =SUM(J110:J112) -> 107543.05
A110: 05.02.09.01 | B110: CP0008 | C110: Apropriada | D110: AQUISIÇÃO E TRANSPORTE DE CIMENTO ASFÁLTICO DE PETRÓLEO COM POLÍMERO - CAP 55/75-E | E110: T | F110: 9.722 | G110: 6143.26 | H110: 21.88 | I110: =ROUND(G110*((H110/100)+1),2) -> 7487.41 | J110: =TRUNC(F110*I110,2) -> 72792.6
A111: 05.02.09.02 | B111: CP0009 | C111: Apropriada | D111: AQUISIÇÃO E TRANSPORTE RR-2C | E111: T | F111: 6.827 | G111: 3724.98 | H111: 21.88 | I111: =ROUND(G111*((H111/100)+1),2) -> 4540.01 | J111: =TRUNC(F111*I111,2) -> 30994.64
A112: 05.02.09.03 | B112: CP0010 | C112: Apropriada | D112: AQUISIÇÃO E TRANSPORTE RR-1C | E112: T | F112: 0.685 | G112: 4498.64 | H112: 21.88 | I112: =ROUND(G112*((H112/100)+1),2) -> 5482.94 | J112: =TRUNC(F112*I112,2) -> 3755.81
A113: 06 | D113: SINALIZAÇÃO E SEGURANÇA VIÁRIA | J113: =J114+J127+J132 -> 938420.86
A114: 06.01 | D114: SINALIZAÇÃO VERTICAL | J114: =SUM(J115:J126) -> 274795.87
A115: 06.01.01 | B115: 5213445 | C115: DNIT PE 10/2025 | D115: PLACA DE REGULAMENTAÇÃO EM AÇO, R1 LADO 0,331 M - PELÍCULA RETRORREFLETIVA TIPO I + SI - FORNECIMENTO E IMPLANTAÇÃO | E115: UND | F115: 9 | G115: 505.52 | H115: 21.88 | I115: =ROUND(G115*((H115/100)+1),2) -> 616.13 | J115: =TRUNC(F115*I115,2) -> 5545.17
A116: 06.01.02 | B116: 5213449 | C116: DNIT PE 10/2025 | D116: PLACA DE REGULAMENTAÇÃO EM AÇO, R2 LADO 0,80 M - PELÍCULA RETRORREFLETIVA TIPO I + SI - FORNECIMENTO E IMPLANTAÇÃO | E116: UND | F116: 4 | G116: 320.68 | H116: 21.88 | I116: =ROUND(G116*((H116/100)+1),2) -> 390.84 | J116: =TRUNC(F116*I116,2) -> 1563.36
A117: 06.01.03 | B117: 5213441 | C117: DNIT PE 10/2025 | D117: PLACA DE REGULAMENTAÇÃO EM AÇO D = 0,80 M - PELÍCULA RETRORREFLETIVA TIPO I + SI - FORNECIMENTO E IMPLANTAÇÃO | E117: UND | F117: 41 | G117: 505.6 | H117: 21.88 | I117: =ROUND(G117*((H117/100)+1),2) -> 616.23 | J117: =TRUNC(F117*I117,2) -> 25265.43
...

Sheet CURVA_ABC
B1: DEPARTAMENTO DE ESTRADAS DE RODAGEM DE PERNAMBUCO DIRETORIA DE PLANEJAMENTO E PROJETOS RELATÓRIO SINTÉTICO DO ORÇAMENTO
B4: Setor: DIRETORIA DE PLANEJAMENTO E PROJETOS
A6: ='RESUMO_ORÇ_S DESON'!A6:H6 -> Serviço: Implantação e Restauração Rodoviária | F6: Ano: 2025
A7: ='RESUMO_ORÇ_S DESON'!A7:H7 -> Orçamento: Projeto Executivo para Implantação e Pavimentação da Rodovia PE-044 (Versão Onerada) | F7: Rodovia: PE-044
A8: Trecho: ITAQUITINGA – PRESÍDIO DE ITAQUITINGA II & CHÃ DE SAPÉ – INTERSEÇÃO COM PE-044 | F8: Extensão:12,21 Km
A9: BDI: 21,88 % (Geral) e 15,61% (Diferenciado) | D9: Data Base: OUT-2025 | F9: Preço Total: | G9: =SUM(G13:G118)-2.73 -> 38146183
A11: RELATÓRIO SINTÉTICO DO ORÇAMENTO
B12: CÓDIGO | C12: DESCRIÇÃO COMPLETA | D12: UNID. | E12: QUANT. | F12: PREÇO UNITÁRIO (R$) | G12: PREÇO TOTAL (R$) | H12: % | I12: % ACUMULADO
B13: CP0008 | C13: Aquisição e Transporte de cimento asfáltico de petróleo com polímero CAP 55/75-E | D13: t | E13: 631.917 | F13: 7487.41 | G13: =TRUNC(E13*F13,2) -> 4731421.7 | H13: =G13/$G$122 -> 0.12403394 | I13: =H13 -> 0.12403394
B14: 4011278 | C14: Base ou sub-base de brita graduada tratada com cimento com brita comercial - 100% Proctor modificado | D14: m³ | E14: 15145.49 | F14: 304.57 | G14: =TRUNC(E14*F14,2) -> 4612861.9 | H14: =G14/$G$122 -> 0.1209259 | I14: =H14+I13 -> 0.24495984
B15: CP0001 | C15: ADMINISTRAÇÃO LOCAL | D15: UN | E15: 1 | F15: 3486970.7 | G15: =TRUNC(E15*F15,2) -> 3486970.7 | H15: =G15/$G$122 -> 0.09141073 | I15: =H15+I14 -> 0.33637057
B16: 4011282 | C16: Base ou sub-base de macadame hidráulico com brita comercial - 100% Proctor modificado | D16: m³ | E16: 15873.13 | F16: 200.14 | G16: =TRUNC(E16*F16,2) -> 3176848.2 | H16: =G16/$G$122 -> 0.083280888 | I16: =H16+I15 -> 0.41965146
B17: 4011461 | C17: Concreto asfáltico com asfalto polímero - faixa B - areia e brita comerciais | D17: t | E17: 11884.87 | F17: 253.85 | G17: =TRUNC(E17*F17,2) -> 3016974.2 | H17: =G17/$G$122 -> 0.079089801 | I17: =H17+I16 -> 0.49874126
B18: 2003925 | C18: Dreno subsuperficial - DSS 04 - tubo de concreto perfurado e brita comercial | D18: m | E18: 24972 | F18: 96.89 | G18: =TRUNC(E18*F18,2) -> 2419537.1 | H18: =G18/$G$122 -> 0.063428021 | I18: =H18+I17 -> 0.56216928
B19: CP0009 | C19: Aquisição e Transporte de emulsão asfáltica RR-2C | D19: t | E19: 441.48 | F19: 4540.01 | G19: =TRUNC(E19*F19,2) -> 2004323.6 | H19: =G19/$G$122 -> 0.052543225 | I19: =H19+I18 -> 0.6147125
B20: 2003569 | C20: Dreno longitudinal profundo para corte em solo - DPS 07 - tubo de concreto perfurado e brita comercial | D20: m | E20: 7421.8 | F20: 224 | G20: =TRUNC(E20*F20,1) -> 1662483.2 | H20: =G20/$G$122 -> 0.043581898 | I20: =H20+I19 -> 0.6582944
B21: 5503041 | C21: Compactação de aterros a 100% do Proctor intermediário | D21: m³ | E21: 164552.71 | F21: 8.11 | G21: =TRUNC(E21*F21,2) -> 1334522.5 | H21: =G21/$G$122 -> 0.034984427 | I21: =H21+I20 -> 0.69327883
B22: 4011372 | C22: Tratamento superficial duplo com banho diluído - brita comercial | D22: m² | E22: 98544.3 | F22: 8.41 | G22: =TRUNC(E22*F22,2) -> 828757.56 | H22: =G22/$G$122 -> 0.02172583 | I22: =H22+I21 -> 0.71500466
B23: 5502114 | C23: Escavação, carga e transporte de material de 1ª categoria - DMT de 1.000 a 1.200 m - caminho de serviço em leito natural - com escavadeira e caminhão basculante de 14 m³ | D23: m³ | E23: 72536.46 | F23: 10.36 | G23: =TRUNC(E23*F23,2) -> 751477.72 | H23: =G23/$G$122 -> 0.019699944 | I23: =H23+I22 -> 0.7347046
B24: 2003313 | C24: Valeta de proteção de aterros com revestimento de concreto - VPAC 160-30 - escavação mecânica - areia e brita comerciais | D24: m | E24: 4734 | F24: 151.55 | G24: =TRUNC(E24*F24,2) -> 717437.7 | H24: =G24/$G$122 -> 0.018807587 | I24: =H24+I23 -> 0.75351219
B25: 5502978 | C25: Compactação de aterros a 100% do Proctor normal | D25: m³ | E25: 82417.5 | F25: 6.98 | G25: =TRUNC(E25*F25,2) -> 575274.15 | H25: =G25/$G$122 -> 0.015080778 | I25: =H25+I24 -> 0.76859297
B26: 2003257 | C26: Sarjeta triangular de concreto - STC 100-20 - escavação mecânica - areia e brita comerciais | D26: m | E26: 7421.79 | F26: 70.35 | G26: =TRUNC(E26*F26,2) -> 522122.92 | H26: =G26/$G$122 -> 0.013687421 | I26: =H26+I25 -> 0.78228039
B27: CP0004 | C27: Escavação, carga e transporte de material de 1ª categoria na distância de 3.000 a 3.500 m - caminho de serviço pavimentado - com escavadeira e caminhão basculante de 14 m³ | D27: m³ | E27: 30208.82 | F27: 16.49 | G27: =TRUNC(E27*F27,2) -> 498143.44 | H27: =G27/$G$122 -> 0.013058801 | I27: =H27+I26 -> 0.79533919
B28: 5502111 | C28: Escavação, carga e transporte de material de 1ª categoria - DMT de 400 a 600 m - caminho de serviço em leito natural - com escavadeira e caminhão basculante de 14 m³ | D28: m³ | E28: 41604.6 | F28: 8.73 | G28: =TRUNC(E28*F28,2) -> 363208.15 | H28: =G28/$G$122 -> 0.0095214801 | I28: =H28+I27 -> 0.80486067
B29: 1600441 | C29: Remoção de paralelepípedos | D29: m² | E29: 2160 | F29: 168.11 | G29: =TRUNC(E29*F29,2) -> 363117.6 | H29: =G29/$G$122 -> 0.0095191063 | I29: =H29+I28 -> 0.81437978
B30: 2003307 | C30: Valeta de proteção de cortes com revestimento de concreto - VPCC 160-30 - escavação mecânica - areia e brita comerciais | D30: m | E30: 2392.38 | F30: 151.55 | G30: =TRUNC(E30*F30,2) -> 362565.18 | H30: =G30/$G$122 -> 0.0095046247 | I30: =H30+I29 -> 0.8238844
B31: 5502120 | C31: Escavação, carga e transporte de material de 1ª categoria - DMT de 2.500 a 3.000 m - caminho de serviço em leito natural - com escavadeira e caminhão basculante de 14 m³ | D31: m³ | E31: 20574.87 | F31: 14.86 | G31: =TRUNC(E31*F31,2) -> 305742.56 | H31: =G31/$G$122 -> 0.0080150231 | I31: =H31+I30 -> 0.83189942
B32: 3713605 | C32: Ancoragem de defensa semimaleável simples - fornecimento e implantação | D32: m | E32: 576 | F32: 492.92 | G32: =TRUNC(E32*F32,2) -> 283921.92 | H32: =G32/$G$122 -> 0.0074429963 | I32: =H32+I31 -> 0.83934242
B33: 5213408 | C33: Pintura de faixa com termoplástico por aspersão - espessura de 1,5 mm | D33: m² | E33: 4707.69 | F33: 59.9 | G33: =TRUNC(E33*F33,2) -> 281990.63 | H33: =G33/$G$122 -> 0.0073923676 | I33: =H33+I32 -> 0.84673479
B34: 3713604 | C34: Defensa semimaleável simples - fornecimento e implantação | D34: m | E34: 641.32 | F34: 419.79 | G34: =TRUNC(E34*F34,2) -> 269219.72 | H34: =G34/$G$122 -> 0.007057579 | I34: =H34+I33 -> 0.85379237
B35: 903810 | C35: Instalação da usina de asfalto a quente capacidade de 120 t/h | D35: un | E35: 1 | F35: 258183.32 | G35: =TRUNC(E35*F35,2) -> 258183.32 | H35: =G35/$G$122 -> 0.0067682604 | I35: =H35+I34 -> 0.86056063
B36: 4011209 | C36: Regularização do subleito - 100% Proctor intermediário | D36: m² | E36: 110671.89 | F36: 2.25 | G36: =TRUNC(E36*F36,2) -> 249011.75 | H36: =G36/$G$122 -> 0.0065278283 | I36: =H36+I35 -> 0.86708846
B37: CP0010 | C37: Aquisição de emulsão asfáltica RR-1C | D37: T | E37: 44.567 | F37: 5482.94 | G37: =TRUNC(E37*F37,2) -> 244358.18 | H37: =G37/$G$122 -> 0.0064058352 | I37: =H37+I36 -> 0.87349429
B38: 804309 | C38: Corpo de BTTC D = 1,50 m PA1 - areia, brita e pedra de mão comerciais | D38: m | E38: 42 | F38: 5470.99 | G38: =TRUNC(E38*F38,2) -> 229781.58 | H38: =G38/$G$122 -> 0.0060237105 | I38: =H38+I37 -> 0.879518
B39: 2003373 | C39: Meio-fio de concreto - MFC 03 - areia e brita comerciais - fôrma de madeira | D39: m | E39: 2741.81 | F39: 83.22 | G39: =TRUNC(E39*F39,2) -> 228173.42 | H39: =G39/$G$122 -> 0.0059815527 | I39: =H39+I38 -> 0.88549955
B40: 5502110 | C40: Escavação, carga e transporte de material de 1ª categoria - DMT de 200 a 400 m - caminho de serviço em leito natural - com escavadeira e caminhão basculante de 14 m³ | D40: m³ | E40: 26761.63 | F40: 8.26 | G40: =TRUNC(E40*F40,2) -> 221051.06 | H40: =G40/$G$122 -> 0.0057948404 | I40: =H40+I39 -> 0.89129439
B41: 705388 | C41: Corpo de BTCC 3,00 x 3,00 m - moldado no local - altura do aterro 0,00 a 1,00 m - areia e brita comerciais | D41: m | E41: 13 | F41: 16785.94 | G41: =TRUNC(E41*F41,2) -> 218217.22 | H41: =G41/$G$122 -> 0.0057205515 | I41: =H41+I40 -> 0.89701495
B42: 804037 | C42: Corpo de BSTC D = 1,00 m PA1 - areia, brita e pedra de mão comerciais | D42: m | E42: 205 | F42: 974.14 | G42: =TRUNC(E42*F42,2) -> 199698.7 | H42: =G42/$G$122 -> 0.0052350896 | I42: =H42+I41 -> 0.90225004
B43: CP0006 | C43: Escavação, carga e transporte de material de 1ª categoria na distância de 6.500 a 7.000 m - caminho de serviço pavimentado - com escavadeira e caminhão basculante de 14 m³ | D43: m³ | E43: 9706.61 | F43: 20.34 | G43: =TRUNC(E43*F43,2) -> 197432.44 | H43: =G43/$G$122 -> 0.0051756797 | I43: =H43+I42 -> 0.90742571
B44: CP0003 | C44: MOBILIZAÇÃO/DESMOBILIZAÇÃO | D44: UN | E44: 1 | F44: 196104.82 | G44: =TRUNC(E44*F44,2) -> 196104.82 | H44: =G44/$G$122 -> 0.0051408762 | I44: =H44+I43 -> 0.91256659
B45: 2003407 | C45: Descida d'água de aterros em degraus - DAD 60-36 - areia e brita comerciais | D45: m | E45: 230 | F45: 836.3 | G45: =TRUNC(E45*F45,2) -> 192349 | H45: =G45/$G$122 -> 0.0050424176 | I45: =H45+I44 -> 0.91760901
B46: CP0007 | C46: DESTINAÇÃO DE RESÍDUOS SÓLIDOS | D46: T | E46: 9139.424 | F46: 19.42 | G46: =ROUNDDOWN(E46*F46,1) -> 177487.6 | H46: =G46/$G$122 -> 0.0046528269 | I46: =H46+I45 -> 0.92226184
B47: 5219608 | C47: Tacha refletiva em plástico injetado - bidirecional tipo III - com um pino - fornecimento e colocação | D47: un | E47: 3186 | F47: 48.78 | G47: =TRUNC(E47*F47,2) -> 155413.08 | H47: =G47/$G$122 -> 0.0040741447 | I47: =H47+I46 -> 0.92633598
B48: 903808 | C48: Instalação da usina misturadora de solos com capacidade de 300 t/h | D48: un | E48: 1 | F48: 154471.19 | G48: =TRUNC(E48*F48,2) -> 154471.19 | H48: =G48/$G$122 -> 0.0040494531 | I48: =H48+I47 -> 0.93038543
B49: 5502115 | C49: Escavação, carga e transporte de material de 1ª categoria - DMT de 1.200 a 1.400 m - caminho de serviço em leito natural - com escavadeira e caminhão basculante de 14 m³ | D49: m³ | E49: 13654.37 | F49: 11.29 | G49: =TRUNC(E49*F49,2) -> 154157.83 | H49: =G49/$G$122 -> 0.0040412384 | I49: =H49+I48 -> 0.93442667
B50: 5213476 | C50: Placa delineador em aço - 0,50 x 0,60 m - película retrorrefletiva tipo I + IV - fornecimento e implantação | D50: un | E50: 661 | F50: 222.26 | G50: =TRUNC(E50*F50,2) -> 146913.86 | H50: =G50/$G$122 -> 0.0038513381 | I50: =H50+I49 -> 0.93827801
B51: 705427 | C51: Boca de BTCC 3,00 x 3,00 m - esconsidade 0° - areia e brita comerciais | D51: un | E51: 2 | F51: 64260.22 | G51: =TRUNC(E51*F51,2) -> 128520.44 | H51: =G51/$G$122 -> 0.0033691557 | I51: =H51+I50 -> 0.94164717
B52: 2003613 | C52: Boca de saída para dreno subsuperficial - BSD 03 - areia e brita comerciais | D52: un | E52: 612 | F52: 193.01 | G52: =TRUNC(E52*F52,2) -> 118122.12 | H52: =G52/$G$122 -> 0.0030965644 | I52: =H52+I51 -> 0.94474373
B53: 5501700 | C53: Desmatamento, destocamento e limpeza de área com árvores de diâmetro até 0,15 m | D53: m² | E53: 130563.23 | F53: 0.88 | G53: =TRUNC(E53*F53,2) -> 114895.64 | H53: =G53/$G$122 -> 0.0030119824 | I53: =H53+I52 -> 0.94775571
B54: CP0005 | C54: Escavação, carga e transporte de material de 1ª categoria na distância de 3.500 a 4.000 m - caminho de serviço pavimentado - com escavadeira e caminhão basculante de 14 m³ | D54: m³ | E54: 8112.76 | F54: 13.97 | G54: =TRUNC(E54*F54,2) -> 113335.25 | H54: =G54/$G$122 -> 0.0029710769 | I54: =H54+I53 -> 0.95072679
B55: 903802 | C55: Bacia de contenção para tanque de emulsão de 30.000 l - inclusive demolição | D55: un | E55: 6 | F55: 18861.92 | G55: =TRUNC(E55*F55,2) -> 113171.52 | H55: =G55/$G$122 -> 0.0029667847 | I55: =H55+I54 -> 0.95369357
B56: 2003227 | C56: Dissipador de energia - DES 160-480 - areia, brita e pedra de mão comerciais | D56: un | E56: 54 | F56: 2014.24 | G56: =TRUNC(E56*F56,2) -> 108768.96 | H56: =G56/$G$122 -> 0.0028513718 | I56: =H56+I55 -> 0.95654495
B57: 2003377 | C57: Meio-fio de concreto - MFC 05 - areia e brita comerciais - fôrma de madeira | D57: m | E57: 1434.73 | F57: 72.85 | G57: =TRUNC(E57*F57,2) -> 104520.08 | H57: =G57/$G$122 -> 0.0027399877 | I57: =H57+I56 -> 0.95928493
B58: 804393 | C58: Boca de BSTC D = 1,00 m - esconsidade 0° - areia e brita comerciais - alas esconsas | D58: un | E58: 28 | F58: 3600.51 | G58: =TRUNC(E58*F58,2) -> 100814.28 | H58: =G58/$G$122 -> 0.0026428404 | I58: =H58+I57 -> 0.96192777
B59: 5502113 | C59: Escavação, carga e transporte de material de 1ª categoria - DMT de 800 a 1.000 m - caminho de serviço em leito natural - com escavadeira e caminhão basculante de 14 m³ | D59: m³ | E59: 9382.59 | F59: 10.02 | G59: =TRUNC(E59*F59,1) -> 94013.5 | H59: =G59/$G$122 -> 0.0024645583 | I59: =H59+I58 -> 0.96439233
B60: 705419 | C60: Boca de BTCC 2,50 x 2,50 m - esconsidade 0° - areia e brita comerciais | D60: un | E60: 2 | F60: 45558.99 | G60: =TRUNC(E60*F60,2) -> 91117.98 | H60: =G60/$G$122 -> 0.0023886524 | I60: =H60+I59 -> 0.96678098
B61: 4413905 | C61: Hidrossemeadura | D61: m² | E61: 10299.98 | F61: 7.78 | G61: =TRUNC(E61*F61,2) -> 80133.84 | H61: =G61/$G$122 -> 0.0021007039 | I61: =H61+I60 -> 0.96888169
B62: 5213344 | C62: Barreira de sinalização tipo I de direcionamento ou bloqueio contínua - utilização de 150 ciclos - fornecimento, 01 implantação e 01 retirada diária | D62: m.dia | E62: 15400 | F62: 4.64 | G62: =TRUNC(E62*F62,2) -> 71456 | H62: =G62/$G$122 -> 0.0018732148 | I62: =H62+I61 -> 0.9707549
B63: 5502117 | C63: Escavação, carga e transporte de material de 1ª categoria - DMT de 1.600 a 1.800 m - caminho de serviço em leito natural - com escavadeira e caminhão basculante de 14 m³ | D63: m³ | E63: 5468.85 | F63: 11.91 | G63: =TRUNC(E63*F63,2) -> 65134 | H63: =G63/$G$122 -> 0.0017074839 | I63: =H63+I62 -> 0.97246239
B64: 804457 | C64: Boca de BTTC D = 1,50 m - esconsidade 0° - areia e brita comerciais - alas esconsas | D64: un | E64: 4 | F64: 16207.27 | G64: =TRUNC(E64*F64,2) -> 64829.08 | H64: =G64/$G$122 -> 0.0016994905 | I64: =H64+I63 -> 0.97416188
B65: 705411 | C65: Boca de BTCC 2,00 x 2,00 m - esconsidade 0° - areia e brita comerciais | D65: un | E65: 2 | F65: 32218.99 | G65: =TRUNC(E65*F65,2) -> 64437.98 | H65: =G65/$G$122 -> 0.0016892378 | I65: =H65+I64 -> 0.97585112
B66: 804197 | C66: Corpo de BDTC D = 1,20 m PA1 - areia, brita e pedra de mão comerciais | D66: m | E66: 25 | F66: 2316.95 | G66: =TRUNC(E66*F66,2) -> 57923.75 | H66: =G66/$G$122 -> 0.0015184677 | I66: =H66+I65 -> 0.97736958
B67: 4011353 | C67: Pintura de ligação | D67: m² | E67: 99040.3 | F67: 0.56 | G67: =TRUNC(E67*F67,2) -> 55462.56 | H67: =G67/$G$122 -> 0.0014539477 | I67: =H67+I66 -> 0.97882353
B68: 5213850 | C68: Operação de sinalização por bandeirola de tecido ou com placa metálica | D68: h | E68: 1824.9 | F68: 28.84 | G68: =TRUNC(E68*F68,2) -> 52630.11 | H68: =G68/$G$122 -> 0.0013796952 | I68: =H68+I67 -> 0.98020323
B69: 5216111 | C69: Suporte para placa de sinalização em madeira de lei tratada 8 x 8 cm - fornecimento e implantação | D69: un | E69: 274 | F69: 167.45 | G69: =TRUNC(E69*F69,2) -> 45881.3 | H69: =G69/$G$122 -> 0.0012027756 | I69: =H69+I68 -> 0.981406
B70: 2003238 | C70: Dissipador de energia - DES 100-300 - areia extraída e brita e pedra de mão produzidas | D70: un | E70: 49 | F70: 873.53 | G70: =TRUNC(E70*F70,2) -> 42802.97 | H70: =G70/$G$122 -> 0.0011220773 | I70: =H70+I69 -> 0.98252808
B71: 5501701 | C71: Destocamento de árvores com diâmetro de 0,15 a 0,30 m | D71: un | E71: 653 | F71: 65.17 | G71: =TRUNC(E71*F71,2) -> 42556.01 | H71: =G71/$G$122 -> 0.0011156033 | I71: =H71+I70 -> 0.98364368
B72: 4011539 | C72: Cura com pintura asfáltica para camadas granulares com adição de cimento | D72: m² | E72: 98544.3 | F72: 0.43 | G72: =TRUNC(E72*F72,2) -> 42374.04 | H72: =G72/$G$122 -> 0.0011108329 | I72: =H72+I71 -> 0.98475452
B73: CP0002 | C73: Instalação do canteiro de obra | D73: UN | E73: 1 | F73: 39172.04 | G73: =TRUNC(E73*F73,2) -> 39172.04 | H73: =G73/$G$122 -> 0.0010268927 | I73: =H73+I72 -> 0.98578141
B74: 2003343 | C74: Sarjeta trapezoidal de concreto - SZC 90-30 - escavação mecânica - areia e brita comerciais | D74: m | E74: 419.98 | F74: 92.59 | G74: =TRUNC(E74*F74,2) -> 38885.94 | H74: =G74/$G$122 -> 0.0010193926 | I74: =H74+I73 -> 0.9868008
B75: 804045 | C75: Corpo de BSTC D = 1,20 m PA1 - areia, brita e pedra de mão comerciais | D75: m | E75: 27 | F75: 1194.03 | G75: =TRUNC(E75*F75,2) -> 32238.81 | H75: =G75/$G$122 -> 0.00084513849 | I75: =H75+I74 -> 0.98764594
B76: 2003457 | C76: Dissipador de energia - DEB 300-366 - areia, brita e pedra de mão comerciais | D76: un | E76: 14 | F76: 2245.88 | G76: =TRUNC(E76*F76,2) -> 31442.32 | H76: =G76/$G$122 -> 0.00082425855 | I76: =H76+I75 -> 0.9884702
B77: 1619003 | C77: Demolição mecânica de concreto armado com escavadeira hidráulica | D77: m³ | E77: 103.23 | F77: 288.15 | G77: =TRUNC(E77*F77,2) -> 29745.72 | H77: =G77/$G$122 -> 0.00077978229 | I77: =H77+I76 -> 0.98924998
B78: 2004504 | C78: Escavação mecânica de vala para drenagem com valetadeira em material de 1ª categoria | D78: m³ | E78: 1192.04 | F78: 24.84 | G78: =TRUNC(E78*F78,2) -> 29610.27 | H78: =G78/$G$122 -> 0.00077623147 | I78: =H78+I77 -> 0.99002621
B79: 5502112 | C79: Escavação, carga e transporte de material de 1ª categoria - DMT de 600 a 800 m - caminho de serviço em leito natural - com escavadeira e caminhão basculante de 14 m³ | D79: m³ | E79: 2706.84 | F79: 9.67 | G79: =TRUNC(E79*F79,2) -> 26175.14 | H79: =G79/$G$122 -> 0.00068617974 | I79: =H79+I78 -> 0.99071239
B80: 5213441 | C80: Placa de regulamentação em aço D = 0,80 m - película retrorrefletiva tipo I + SI - fornecimento e implantação | D80: un | E80: 41 | F80: 616.23 | G80: =TRUNC(E80*F80,2) -> 25265.43 | H80: =G80/$G$122 -> 0.00066233175 | I80: =H80+I79 -> 0.99137472
B81: 804401 | C81: Boca de BSTC D = 1,20 m - esconsidade 0° - areia e brita comerciais - alas esconsas | D81: un | E81: 4 | F81: 5189.7 | G81: =TRUNC(E81*F81,2) -> 20758.8 | H81: =G81/$G$122 -> 0.00054419071 | I81: =H81+I80 -> 0.99191891
B82: 5212557 | C82: Placa de regulamentação para sinalização de obras montada em suporte metálico móvel - D = 1,00 m - utilização de 600 ciclos - fornecimento, 01 implantação e 01 retirada diária | D82: un.dia | E82: 3960 | F82: 4.69 | G82: =TRUNC(E82*F82,2) -> 18572.4 | H82: =G82/$G$122 -> 0.00048687436 | I82: =H82+I81 -> 0.99240579
B83: 5212560 | C83: Placa de advertência para sinalização de obras montada em suporte metálico móvel, lado 1,00 m - utilização de 600 ciclos - fornecimento, 01 implantação e 01 retirada diária | D83: un.dia | E83: 3520 | F83: 4.98 | G83: =TRUNC(E83*F83,2) -> 17529.6 | H83: =G83/$G$122 -> 0.00045953742 | I83: =H83+I82 -> 0.99286533
B84: 2003921 | C84: Boca de saída para dreno longitudinal profundo - BSD 02 - tubo de PEAD - areia e brita comerciais | D84: un | E84: 49 | F84: 336.74 | G84: =TRUNC(E84*F84,2) -> 16500.26 | H84: =G84/$G$122 -> 0.00043255334 | I84: =H84+I83 -> 0.99329788
B85: 5213362 | C85: Tachão refletivo em plástico injetado - bidirecional - fornecimento e colocação | D85: un | E85: 147 | F85: 111.76 | G85: =TRUNC(E85*F85,2) -> 16428.72 | H85: =G85/$G$122 -> 0.00043067792 | I85: =H85+I84 -> 0.99372856
... B97: 2003471 | C97: Dissipador de energia - DEB 360-754 - areia, brita e pedra de mão comerciais | D97: un | E97: 2 | F97: 4663.93 | G97: =TRUNC(E97*F97,2) -> 9327.86 | H97: =G97/$G$122 -> 0.0002445293 | I97: =H97+I96 -> 0.99761322
B98: CP0015 | C98: Placa para sinalização de obras montada em cavalete metálico - 1,20 x 0,80 m - utilização de 600 ciclos - fornecimento, 01 implantação e 01 retirada diária | D98: un.dia | E98: 3520 | F98: 2.45 | G98: =TRUNC(E98*F98,2) -> 8624 | H98: =G98/$G$122 -> 0.00022607765 | I98: =H98+I97 -> 0.99783929
B99: 3816118 | C99: Guarda-corpo de concreto - fabricação - areia e brita comerciais | D99: m | E99: 66.08 | F99: 120.67 | G99: =TRUNC(E99*F99,2) -> 7973.87 | H99: =G99/$G$122 -> 0.00020903453 | I99: =H99+I98 -> 0.99804833
B100: 5502119 | C100: Escavação, carga e transporte de material de 1ª categoria - DMT de 2.000 a 2.500 m - caminho de serviço em leito natural - com escavadeira e caminhão basculante de 14 m³ | D100: m³ | E100: 579.18 | F100: 13.41 | G100: =TRUNC(E100*F100,2) -> 7766.8 | H100: =G100/$G$122 -> 0.0002036062 | I100: =H100+I99 -> 0.99825193
B101: CP0013 | C101: Sinais de indicação (1,00 x 2,20m) | D101: un | E101: 4 | F101: 1934.09 | G101: =TRUNC(E101*F101,2) -> 7736.36 | H101: =G101/$G$122 -> 0.00020280822 | I101: =H101+I100 -> 0.99845474
B102: 4815671 | C102: Reaterro e compactação com soquete vibratório | D102: m³ | E102: 312.27 | F102: 23.57 | G102: =TRUNC(E102*F102,2) -> 7360.2 | H102: =G102/$G$122 -> 0.00019294721 | I102: =H102+I101 -> 0.99864769
B103: 5502118 | C103: Escavação, carga e transporte de material de 1ª categoria - DMT de 1.800 a 2.000 m - caminho de serviço em leito natural - com escavadeira e caminhão basculante de 14 m³ | D103: m³ | E103: 549.6 | F103: 12.25 | G103: =TRUNC(E103*F103,2) -> 6732.6 | H103: =G103/$G$122 -> 0.00017649471 | I103: =H103+I102 -> 0.99882418
B104: 5213867 | C104: Suporte metálico galvanizado para marco quilométrico - fornecimento e implantação | D104: un | E104: 9 | F104: 741.21 | G104: =TRUNC(E104*F104,2) -> 6670.89 | H104: =G104/$G$122 -> 0.00017487699 | I104: =H104+I103 -> 0.99899906
B105: 2003459 | C105: Dissipador de energia - DEB 360-414 - areia, brita e pedra de mão comerciais | D105: un | E105: 2 | F105: 2869.13 | G105: =TRUNC(E105*F105,2) -> 5738.26 | H105: =G105/$G$122 -> 0.00015042815 | I105: =H105+I104 -> 0.99914949
B106: 5213445 | C106: Placa de regulamentação em aço, R1 lado 0,331 m - película retrorrefletiva tipo I + SI - fornecimento e implantação | D106: un | E106: 9 | F106: 616.13 | G106: =TRUNC(E106*F106,2) -> 5545.17 | H106: =G106/$G$122 -> 0.0001453663 | I106: =H106+I105 -> 0.99929486
B107: 5502109 | C107: Escavação, carga e transporte de material de 1ª categoria - DMT de 50 a 200 m - caminho de serviço em leito natural - com escavadeira e caminhão basculante de 14 m³ | D107: m³ | E107: 686.64 | F107: 7.75 | G107: =TRUNC(E107*F107,2) -> 5321.46 | H107: =G107/$G$122 -> 0.00013950176 | I107: =H107+I106 -> 0.99943436
B108: 4413942 | C108: Espalhamento de material em bota-fora | D108: m³ | E108: 1099.72 | F108: 3.32 | G108: =TRUNC(E108*F108,2) -> 3651.07 | H108: =G108/$G$122 -> 9.5712583e-05 | I108: =H108+I107 -> 0.99953007
B109: 5213472 | C109: Placa de marco quilométrico em aço - 0,60 x 0,865 m - película retrorrefletiva tipo I + I - fornecimento e implantação | D109: un | E109: 9 | F109: 373.27 | G109: =TRUNC(E109*F109,2) -> 3359.43 | H109: =G109/$G$122 -> 8.8067258e-05 | I109: =H109+I108 -> 0.99961814
B110: 2003240 | C110: Dissipador de energia - DES 90-270 - areia extraída e brita e pedra de mão produzidas | D110: un | E110: 3 | F110: 764.21 | G110: =TRUNC(E110*F110,2) -> 2292.63 | H110: =G110/$G$122 -> 6.0101159e-05 | I110: =H110+I109 -> 0.99967824
B111: CP0014 | C111: Sinais de indicação (1,00 x 2,60) | D111: un | E111: 1 | F111: 2272.01 | G111: =TRUNC(E111*F111,2) -> 2272.01 | H111: =G111/$G$122 -> 5.9560607e-05 | I111: =H111+I110 -> 0.9997378
B112: 5501702 | C112: Destocamento de árvores com diâmetro maior que 0,30 m | D112: un | E112: 13 | F112: 162.92 | G112: =TRUNC(E112*F112,2) -> 2117.96 | H112: =G112/$G$122 -> 5.5522196e-05 | I112: =H112+I111 -> 0.99979332
B113: CP0016 | C113: Placa para sinalização de obras montada em cavalete metálico - 1,20 x 0,40 m - utilização de 600 ciclos - fornecimento, 01 implantação e 01 retirada diária | D113: un.dia | E113: 880 | F113: 1.78 | G113: =TRUNC(E113*F113,2) -> 1566.4 | H113: =G113/$G$122 -> 4.1063083e-05 | I113: =H113+I112 -> 0.99983439
B114: 5213449 | C114: Placa de regulamentação em aço, R2 lado 0,80 m - película retrorrefletiva tipo I + SI - fornecimento e implantação | D114: un | E114: 4 | F114: 390.84 | G114: =TRUNC(E114*F114,2) -> 1563.36 | H114: =G114/$G$122 -> 4.098339e-05 | I114: =H114+I113 -> 0.99987537
B115: 2003123 | C115: Entrada para descida d'água - EDA 05 B - areia e brita comerciais | D115: un | E115: 4 | F115: 376.68 | G115: =TRUNC(E115*F115,2) -> 1506.72 | H115: =G115/$G$122 -> 3.9498575e-05 | I115: =H115+I114 -> 0.99991487
...

Sheet BDI_SEM DESON.
A1: DER-PE
A6: COMPOSIÇÃO DA PARCELA DE BDI
A7: (Bonificação e Despesas Indiretas)
A8: SEM DESONERAÇÃO
A11: ITENS RELATIVOS À ADMINISTRAÇÃO DA OBRA | B11: % sobre CD
A14: A - Administração Central | B14: 0.038
A16: B – Seguros e Garantias Contratuais | B16: 0.0032
A18: C – Risco | B18: 0.005
A20: D – Despesa Financeira | B20: 0.0102
A22: LUCRO | B22: % sobre CD
A25: E – Lucro Operacional | B25: 0.07084
A27: TAXAS E IMPOSTOS | B27: % sobre CD
A31: PIS | B31: 0.0065
A33: COFINS | B33: 0.03
A35: ISS | B35: 0.035
A38: I ( Impostos) | B38: =SUM(B31:B36) -> 0.0715
A41: BDI = (((1 + A + B + C ) * (1 + D) * (1 + E)) / (1 - I)) - 1
A43: BDI COM IMPOSTOS (%) | B43: =TRUNC(((((1+B14+B16+B18)*(1+B20)*(1+B25))/(1-B38))-1),4) -> 0.2188
A45: CD – Custo Direto
A47: O percentual de ISSQN aqui utilizado consiste em uma média das alíquotas dos municípios situado na área de influência das obras, sendo para serviços de construção civil(subitem 7.02)varia entre os municípios analisados, sendo que a alíquota máxima para estes serviços é estabelecida em 5% pela lei complementar Federal n° 116/2003. Para o município de Goiana/PE a alíquota é de 3% pela Lei Complementar n° 018/2005 (Art.66), Carpina/PE a alíquota é de 5% pela Lei complementar Municipal n° 001/2009 (Anexo I). No município de Itaquitinga/PE, a alíquota é de 2% para serviços de construção civil, conforme o Art. 45, inciso III, da Lei Complementar n° 30/95. Para o município de Condado/PE, a alíquota estabelecida pela tabela I da Lei Complementar n° 013/2017 é de 4%.

Sheet BDI DIFER_SEM DESON.
A1: DER-PE
A6: COMPOSIÇÃO DA PARCELA DE BDI - DIFERENCIADO
A7: (Bonificação e Despesas Indiretas)
A8: SEM DESONERAÇÃO
A11: ITENS RELATIVOS À ADMINISTRAÇÃO DA OBRA | B11: % sobre CD
A14: A - Administração Central | B14: 0.015
A16: B – Seguros e Garantias Contratuais | B16: 0.003
A18: C – Risco | B18: 0.0056
A20: D – Despesa Financeira | B20: 0.0085
A22: LUCRO | B22: % sobre CD
A25: E – Lucro Operacional | B25: 0.0399
A27: TAXAS E IMPOSTOS | B27: % sobre CD
A31: PIS | B31: 0.0065
A33: COFINS | B33: 0.03
A35: ISS | B35: 0.035
A38: I ( Impostos) | B38: =SUM(B31:B36) -> 0.0715
A41: BDI = (((1 + A + B + C ) * (1 + D) * (1 + E)) / (1 - I)) - 1
A43: BDI COM IMPOSTOS (%) | B43: =TRUNC(((((1+B14+B16+B18)*(1+B20)*(1+B25))/(1-B38))-1),4) -> 0.1561
A45: CD – Custo Direto
A47: O percentual de ISSQN aqui utilizado consiste em uma média das alíquotas dos municípios situado na área de influência das obras, sendo para serviços de construção civil(subitem 7.02)varia entre os municípios analisados, sendo que a alíquota máxima para estes serviços é estabelecida em 5% pela lei complementar Federal n° 116/2003. Para o município de Goiana/PE a alíquota é de 3% pela Lei Complementar n° 018/2005 (Art.66), Carpina/PE a alíquota é de 5% pela Lei complementar Municipal n° 001/2009 (Anexo I). No município de Itaquitinga/PE, a alíquota é de 2% para serviços de construção civil, conforme o Art. 45, inciso III, da Lei Complementar n° 30/95. Para o município de Condado/PE, a alíquota estabelecida pela tabela I da Lei Complementar n° 013/2017 é de 4%..

Sheet CRONOG_S DESON
B3: CRONOGRAMA FÍSICO FINANCEIRO
B4: ='RESUMO_ORÇ_S DESON'!A7 -> Orçamento: Projeto Executivo para Implantação e Pavimentação da Rodovia PE-044 (Versão Onerada)
B5: ITEM | D5: VALOR R$ | E5: MESES CORRIDOS
C6: ATIVIDADES | E6: 01 | F6: 02 | G6: 03 | H6: 04 | I6: 05 | J6: 06 | K6: 07 | L6: 08 | M6: 09 | N6: 10
B8: ='RESUMO_ORÇ_S DESON'!A14 -> 01 | C8: ='RESUMO_ORÇ_S DESON'!B14 -> ADMINISTRAÇÃO LOCAL | D8: =D10/N36 -> 0.091410737 | E8: 0.1 | F8: 0.1 | G8: 0.1 | H8: 0.1 | I8: 0.1 | J8: 0.1 | K8: 0.1 | L8: 0.1 | M8: 0.1 | N8: 0.1 | O8: =E8+F8+G8+H8+I8+J8+K8+L8+M8+N8 -> 1
D10: ='RESUMO_ORÇ_S DESON'!J14 -> 3486970.7 | E10: =E8*$D$10 -> 348697.07 | F10: =F8*$D$10 -> 348697.07 | G10: =G8*$D$10 -> 348697.07 | H10: =H8*$D$10 -> 348697.07 | I10: =I8*$D$10 -> 348697.07 | J10: =J8*$D$10 -> 348697.07 | K10: =K8*$D$10 -> 348697.07 | L10: =L8*$D$10 -> 348697.07 | ... N10: =N8*$D$10 -> 348697.07 | O10: =E10+F10+G10+H10+I10+J10+K10+L10+M10+N10 -> 3486970.7
B11: ='RESUMO_ORÇ_S DESON'!A15 -> 02 | C11: ='RESUMO_ORÇ_S DESON'!B15 -> CANTEIRO DE OBRAS | D11: =D13/N36 -> 0.014811392 | E11: 0.1 | F11: 0.1 | G11: 0.1 | H11: 0.1 | I11: 0.1 | J11: 0.1 | K11: 0.1 | L11: 0.1 | M11: 0.1 | N11: 0.1 | O11: =E11+F11+G11+H11+I11+J11+K11+L11+M11+N11 -> 1
D13: ='RESUMO_ORÇ_S DESON'!J15 -> 564998.07 | E13: =E11*$D$13 -> 56499.807 | F13: =F11*$D$13 -> 56499.807 | G13: =G11*$D$13 -> 56499.807 | H13: =H11*$D$13 -> 56499.807 | I13: =I11*$D$13 -> 56499.807 | J13: =J11*$D$13 -> 56499.807 | K13: =K11*$D$13 -> 56499.807 | L13: =L11*$D$13 -> 56499.807 | ... N13: =N11*$D$13 -> 56499.807 | O13: =E13+F13+G13+H13+I13+J13+K13+L13+M13+N13 -> 564998.07
B14: ='RESUMO_ORÇ_S DESON'!A16 -> 03 | C14: ='RESUMO_ORÇ_S DESON'!B16 -> MOBILIZAÇÃO E DESMOBILIZAÇÃO | D14: =D16/N36 -> 0.0051408766 | E14: 0.5 | N14: 0.5 | O14: =E14+N14 -> 1
D16: ='RESUMO_ORÇ_S DESON'!J16 -> 196104.82 | E16: =E14*$D$16 -> 98052.41 | N16: =N14*$D$16 -> 98052.41 | O16: =E16+N16 -> 196104.82
B17: ='RESUMO_ORÇ_S DESON'!A17 -> 04 | C17: ='RESUMO_ORÇ_S DESON'!B17 -> DRENAGEM SUPERFICIAL E OBRAS DE ARTE CORRENTES | D17: =D19/N36 -> 0.20779224 | F17: 0.125 | G17: 0.125 | H17: 0.125 | I17: 0.125 | J17: 0.125 | K17: 0.125 | L17: 0.125 | M17: 0.125 | O17: =F17+G17+H17+I17+J17+K17+L17+M17 -> 1
D19: ='RESUMO_ORÇ_S DESON'!J17 -> 7926481 | F19: =F17*$D$19 -> 990810.12 | G19: =G17*$D$19 -> 990810.12 | H19: =H17*$D$19 -> 990810.12 | I19: =I17*$D$19 -> 990810.12 | J19: =J17*$D$19 -> 990810.12 | K19: =K17*$D$19 -> 990810.12 | L19: =L17*$D$19 -> 990810.12 | M19: =M17*$D$19 -> 990810.12 | O19: =F19+G19+H19+I19+J19+K19+L19+M19 -> 7926481
B20: 05 | C20: TERRAPLENAGEM | D20: =D22/N36 -> 0.13255706 | F20: 0.25 | G20: 0.25 | H20: 0.25 | I20: 0.25 | O20: =F20+G20+H20+I20 -> 1
D22: ='RESUMO_ORÇ_S DESON'!J18 -> 5056545.8 | F22: =D22*$F$20 -> 1264136.5 | G22: =D22*$F$20 -> 1264136.5 | H22: =D22*$F$20 -> 1264136.5 | I22: =D22*$F$20 -> 1264136.5 | O22: =F22+G22+H22+I22 -> 5056545.8
B23: ='RESUMO_ORÇ_S DESON'!A19 -> 06 | C23: ='RESUMO_ORÇ_S DESON'!B19 -> PAVIMENTAÇÃO | D23: =D25/N36 -> 0.50687673 | H23: 0.17 | I23: 0.17 | J23: 0.17 | K23: 0.1635 | L23: 0.1635 | M23: 0.163 | O23: =E23+F23+G23+H23+I23+J23+K23+L23+M23 -> 1
D25: ='RESUMO_ORÇ_S DESON'!J19 -> 19335413 | H25: =H23*$D$25 -> 3287020.1 | I25: =I23*$D$25 -> 3287020.1 | J25: =J23*$D$25 -> 3287020.1 | K25: =K23*$D$25 -> 3161340 | L25: =L23*$D$25 -> 3161340 | M25: =M23*$D$25 -> 3151672.2 | O25: =E25+F25+G25+H25+I25+J25+K25+L25+M25 -> 19335413
B26: ='RESUMO_ORÇ_S DESON'!A20 -> 07 | C26: ='RESUMO_ORÇ_S DESON'!B20 -> SINALIZAÇÃO E SEGURANÇA VIÁRIA | D26: =D28/N36 -> 0.024600649 | M26: 0.5 | N26: 0.5 | O26: =H26+I26+J26+K26+L26+M26+N26 -> 1
D28: ='RESUMO_ORÇ_S DESON'!J20 -> 938420.86 | M28: =M26*$D$28 -> 469210.43 | N28: =N26*$D$28 -> 469210.43 | O28: =H28+I28+J28+K28+L28+M28+N28 -> 938420.86
B29: 08 | C29: OBRAS COMPLEMENTARES | D29: =D31/N36 -> 0.014709611 | L29: 0.5 | M29: 0.5 | O29: =L29+M29 -> 1
D31: ='RESUMO_ORÇ_S DESON'!J21 -> 561115.51 | L31: =L29*$D$31 -> 280557.75 | M31: =M29*$D$31 -> 280557.75 | O31: =L31+M31 -> 561115.51
B32: ='RESUMO_ORÇ_S DESON'!A22 -> 09 | C32: ='RESUMO_ORÇ_S DESON'!B22 -> PROTEÇÃO VEGETAL | D32: =D34/N36 -> 0.002100704 | L32: 1 | O32: =F32+G32+H32+I32+J32+K32+L32+M32+N32 -> 1
D34: ='RESUMO_ORÇ_S DESON'!J22 -> 80133.84 | L34: =L32*$D$34 -> 80133.84 | O34: =F34+G34+H34+I34+J34+K34+L34+M34+N34 -> 80133.84
B35: DESEMBOLSO MENSAL (R$) | D35: PARCIAL | E35: =E10+E13+E16 -> 503249.29 | F35: =F10+F13+F19+F22 -> 2660143.5 | G35: =G10+G13+G19+G22 -> 2660143.5 | H35: =H10+H13+H19+H22+H25 -> 5947163.6 | I35: =I10++I13+I19+I22+I25 -> 5947163.6 | J35: =J10+J13+J19+J25 -> 4683027.1 | K35: =K10+K13+K19+K25 -> 4557346.9 | L35: =L10+L13+L19+L25+L31+L34 -> 4918038.5 | M35: =M10+M13+M19+M25+M28+M31 -> 5297447.4 | N35: =N10+N13+N16+N28 -> 972459.72
D36: ACUMULADO | E36: =E35 -> 503249.29 | F36: =F35+E36 -> 3163392.7 | G36: =G35+F36 -> 5823536.2 | H36: =H35+G36 -> 11770700 | I36: =I35+H36 -> 17717863 | J36: =J35+I36 -> 22400891 | K36: =K35+J36 -> 26958237 | L36: =L35+K36 -> 31876276 | M36: =M35+L36 -> 37173723 | N36: =N35+M36 -> 38146183
B37: DESEMBOLSO MENSAL (%) | D37: PARCIAL | E37: =E35/N36 -> 0.013192651 | F37: =F35/N36 -> 0.069735508 | G37: =G35/N36 -> 0.069735508 | H37: =H35/N36 -> 0.15590455 | I37: =I35/N36 -> 0.15590455 | J37: =J35/N36 -> 0.12276529 | K37: =K35/N36 -> 0.11947059 | L37: =L35/N36 -> 0.1289261 | M37: =M35/N36 -> 0.13887228 | N37: =N35/N36 -> 0.025492976
D38: ACUMULADO | E38: =E37 -> 0.013192651 | F38: =F37+E38 -> 0.082928159 | G38: =G37+F38 -> 0.15266367 | H38: =H37+G38 -> 0.30856822 | I38: =I37+H38 -> 0.46447277 | J38: =J37+I38 -> 0.58723806 | K38: =K37+J38 -> 0.70670865 | L38: =L37+K38 -> 0.83563474 | M38: =M37+L38 -> 0.97450702 | N38: =N37+M38 -> 1
D39: =D10/(D13+D16+D19+D25+D28+D34) -> 0.12006834
D40: =D8+D11+D14+D17+D20+D23+D26+D29+D32 -> 1
D41: ='RESUMO_ORÇ_S DESON'!J23 -> 38146183
D42: =N36 -> 38146183
D43: =D41-D42 -> 0

Sheet CANTEIRO SEM DESONERAÇÃO
A1: ='RESUMO_ORÇ_S DESON'!A7:H7 -> Orçamento: Projeto Executivo para Implantação e Pavimentação da Rodovia PE-044 (Versão Onerada)
A4: COMPOSIÇÃO PRINCIPAL
A5: SECRETARIA DE MOBILIDADE E INFRAESTRUTURA DEPARTAMENTO DE ESTRADAS DE RODAGENS DO ESTADO DE PERNAMBUCO (DER-PE) Rodovia: PE-044 Trecho: ITAQUITINGA – PRESÍDIO DE ITAQUITINGA II & CHÃ DE SAPÉ – INTERSEÇÃO COM PE-044 Extensão: 12,21 km
A10: DIMENSIONAMENTO DO CANTEIRO DE OBRAS PRINCIPAL
A11: (NÃO considerando a desoneração da mão de obra)
A12: 1) CANTEIRO PRINCIPAL
A16: Planejamento das unidades do canteiro em containers
A17: Instalação | B17: Áreas de referência Conteiner
A18: Escritório e seção técnica | B18: 29.74
A19: Almoxarifado | B19: 29.57
A20: Depósito de cimento | B20: 29.57
A21: Refeitório e cozinha | B21: 59.14
A22: Alojamentos * | B22: 44.36
A23: Banheiros e vestiário | B23: 14.79
A24: Oficina | B24: 37.11
A25: Ambulatório * | B25: 29.74
A26: Guarita | B26: 7.44
A27: Residências * | B27: 14.79
A28: Laboratório | B28: 11.17
A30: * Áreas não consideradas
F31: Anexo 01.2023 - Canteiro de obras (pág. 17) do volume 07 - Canteiros
A33: ÁREAS COBERTAS DO CANTEIRO
A34: Descrição | E34: Tipo de Container | F34: Unidade | G34: Quantidade | H34: Área total | I34: Custo unitário | J34: Custo total
A35: ="Escritório e seção técnica (Área = "&B18&" m²)" -> Escritório e seção técnica (Área = 29,74 m²)
A36: =VLOOKUP(E36,[173]BANCO!A:D,2,FALSE) -> Contêiner com revestimento térmico, janela e banheiro - L = 2,44 m e C = 12,90 m (2 TEU) | E36: M0066 | F36: und | G36: 1 | H36: =B18*G36 -> 29.74 | I36: 143119.25 | J36: =I36*G36 -> 143119.25
A37: ="Almoxarifado (Área = "&B19&" m²)" -> Almoxarifado (Área = 29,57 m²)
A38: =VLOOKUP(E38,[173]BANCO!A:D,2,FALSE) -> Contêiner com janela - L = 4,88 m e C = 6,09 m (1 TEU duplo) | E38: M0057 | F38: und | G38: 1 | H38: =B19*G38 -> 29.57 | I38: 151644.75 | J38: =I38*G38 -> 151644.75
A39: ="Depósito de cimento (Área = "&B20&" m²)" -> Depósito de cimento (Área = 29,57 m²)
A40: =VLOOKUP(E40,[173]BANCO!A:D,2,FALSE) -> Contêiner com janela - L = 4,88 m e C = 6,09 m (1 TEU duplo) | E40: M0057 | F40: und | G40: 1 | H40: =B20*G40 -> 29.57 | I40: =I38 -> 151644.75 | J40: =I40*G40 -> 151644.75
A41: ="Refeitório e cozinha (Área = "&B21&" m²)" -> Refeitório e cozinha (Área = 59,14 m²)
A42: =VLOOKUP(E42,[173]BANCO!A:D,2,FALSE) -> Contêiner com janela e 2 banheiros - L = 4,88 m e C = 6,09 m (1 TEU duplo) | E42: M0058 | F42: und | G42: 1 | H42: =29.57*G42 -> 29.57 | I42: 156659.75 | J42: =I42*G42 -> 156659.75
A43: =VLOOKUP(E43,[173]BANCO!A:D,2,FALSE) -> Contêiner com janela - L = 4,88 m e C = 6,09 m (1 TEU duplo) | E43: M0057 | F43: und | G43: 1 | H43: =29.57*G43 -> 29.57 | I43: =I40 -> 151644.75 | J43: =I43*G43 -> 151644.75
A44: ="Alojamento (Área = "&B22&" m²)" -> Alojamento (Área = 44,36 m²)
A45: =VLOOKUP(E45,[173]BANCO!A:D,2,FALSE) -> Contêiner com revestimento térmico, janela e banheiro - L = 2,44 m e C = 6,09 m (1 TEU) | E45: M0059 | F45: und | G45: 0 | H45: =(14.79*G45) -> 0 | I45: 65025.872 | J45: =I45*G45 -> 0
A46: ="Banheiro e vestiário (Área = "&B23&" m²)" -> Banheiro e vestiário (Área = 14,79 m²)
A47: =VLOOKUP(E47,[173]BANCO!A:D,2,FALSE) -> Contêiner com 2 banheiros - L = 2,44 m e C = 6,09 m (1 TEU) | E47: M0041 | F47: und | G47: 1 | H47: =14.79*G47 -> 14.79 | I47: 92336.8 | J47: =I47*G47 -> 92336.8
A48: ="Oficina (Área = "&B24&" m²)" -> Oficina (Área = 37,11 m²)
A49: =VLOOKUP(E49,[173]BANCO!A:D,2,FALSE) -> Contêiner com janela - L = 2,44 m e C = 6,09 m (1 TEU) | E49: M0042 | F49: und | G49: 1 | H49: 37.11 | I49: 43777.879 | J49: =I49*G49 -> 43777.879
A50: =VLOOKUP(E50,[173]BANCO!A:D,2,FALSE) -> Contêiner com janela - L = 2,44 m e C = 4,58 m (3/4 TEU) | E50: M0060 | F50: und | G50: 1 | J50: =I50*G50 -> 0
A51: =VLOOKUP(E51,[173]BANCO!A:D,2,FALSE) -> Contêiner com janela e banheiro - L = 2,44 m e 4,58 m (3/4 TEU) | E51: M0065 | F51: und | G51: 1 | J51: =I51*G51 -> 0
A52: ="Ambulatório (Área = "&B25&" m²)" -> Ambulatório (Área = 29,74 m²)
A53: =VLOOKUP(E53,[173]BANCO!A:D,2,FALSE) -> Contêiner com revestimento térmico, janela e banheiro - L = 2,44 m e C = 12,90 m (2 TEU) | E53: M0066 | F53: und | G53: 0 | H53: =29.74*G53 -> 0 | I53: =I36 -> 143119.25 | J53: =I53*G53 -> 0
A54: ="Guarita (Área = "&B26&" m²)" -> Guarita (Área = 7,44 m²)
A55: =VLOOKUP(E55,[173]BANCO!A:D,2,FALSE) -> Contêiner com 3 janelas para guarita - L = 2,44 m e C = 3,05 m (1/2 TEU) | E55: M0071 | F55: und | G55: 1 | H55: =7.44*G55 -> 7.44 | I55: 51574.921 | J55: =I55*G55 -> 51574.921
A56: ="Residência (Área = "&B27&" m²)" -> Residência (Área = 14,79 m²)
A57: =VLOOKUP(E57,[173]BANCO!A:D,2,FALSE) -> Contêiner com revestimento térmico, janela e banheiro - L = 2,44 m e C = 6,09 m (1 TEU) | E57: M0059 | F57: und | G57: 0 | H57: =14.79*G57 -> 0 | I57: =I45 -> 65025.872 | J57: =I57*G57 -> 0
A58: ="Laboratório (Área = "&B28&" m²)" -> Laboratório (Área = 11,17 m²)
A59: =VLOOKUP(E59,[173]BANCO!A:D,2,FALSE) -> Contêiner com revestimento térmico, janela e banheiro - L = 2,44 m e C = 6,09 m (1 TEU) | E59: M0059 | F59: und | G59: 1 | H59: =11.17*G59 -> 11.17 | I59: =I45 -> 65025.872 | J59: =I59*G59 -> 65025.872
A61: Área coberta do canteiro | E61: Área total de containers: | H61: =SUM(H36:H60) -> 218.53 | I61: Custo TOTAL: | J61: =SUM(J36:J60) -> 1007428.7
A62: OBS: Ajustes segundo o Memorando-Circular n° 491/2018/DIREX/DNIT
A64: Fator de Mobiliário e Aparelhagem (k2) | G64: Fator de Ajuste da Distância do Canteiro aos Centros Fornecedores (k3)
G72: Centro fornecedor em Recife
G73: Distância em leito natural (km): | I73: 0
G74: Distância em revestimento primário (km): | I74: 0
G75: Distância pavimentada (km): | I75: 67
A77: k2 = | B77: 1.13 | G77: k3 = | H77: =1+(0.0014*I73+0.0009*I74+0.0008*I75) -> 1.0536
A80: Dimensionamento das áreas descobertas
B88: Área descoberta do canteiro principal
B89: Área coberta (m²) | C89: Relação Área coberta/Área total | D89: Área total (m²)
B90: =H61 -> 218.53 | C90: 0.5 | D90: =B90/C90 -> 437.06
A92: k2 = | B92: =B77 -> 1.13
A93: k3 = | B93: =H77 -> 1.0536 | C93: Centro fornecedor em Recife/PE
A94: CMCC = | B94: 1780.31 | C94: Pernambuco - Outubro/2025 (Sem desoneração da mão de obra)
A95: FEAT = | B95: 0.03
A96: Cp = | B96: =1+(((12.21*2)-200)/200) -> 0.1221
A98: CCC = | B98: =((B92*B93*($J61/5))+(B95*B94*$D90))*B96 -> 32139.84 | C98: (Custo do Canteiro de Obras principal)

Sheet MOBILIZAÇÃO
B1: COMPOSIÇÃO PRINCIPAL
B2: RODOVIA: | C2: PE - 044
B3: TRECHO: | C3: ITAQUITINGA - PRESÍDIO ITAQUITINGA II & ENT. (PE-044)CHÃ DE SAPÉ
B4: EXTENSÃO: | C4: 12,21 Km
B6: CUSTO DE MOBILIZAÇÃO DE EQUIPAMENTOS E PESSOAL
B8: RESUMO | O8: Data Base: | P8: 45931
B9: CUSTO TOTAL DE MOBILIZAÇÃO DE EQUIPAMENTOS DE GRANDE PORTE | F9: =P45 -> 60905.813
B10: CUSTO TOTAL DE MOBILIZAÇÃO DE EQUIPAMENTOS DE PEQUENO PORTE | F10: =O99 -> 2908.8887 | P10: (sem desoneração da mão de obra)
B11: CUSTO TOTAL DE MOBILIZAÇÃO DE VEÍCULOS DE TRANSPORTE | F11: =P59 -> 16635.259
B12: CUSTO TOTAL DE MOBILIZAÇÃO DE PESSOAL | F12: -
B13: CUSTO DA MOBILIZAÇÃO DE EQUIPAMENTOS | F13: =SUM(F9:F12) -> 80449.96
B14: CUSTO DA DESMOBILIZAÇÃO DE EQUIPAMENTOS | F14: =F13 -> 80449.96
B15: CUSTO TOTAL DE MOBILIZAÇÃO E DESMOBILIZAÇÃO DE EQUIPAMENTOS | F15: =F14+F13 -> 160899.92
B17: EQUIPAMENTOS DE GRANDE PORTE
B18: ITEM | C18: CÓDIGO | D18: DISCRIÇÃO | E18: ORIGEM | F18: DESTINO | G18: DISTANCIA DE MOBILIZAÇÃO (km) | H18: VELOCIDADE MÉDIA (km/h) | I18: TEMPO DE VIAGEM (h) | J18: QUANTIDADE (número) | K18: FATOR DE UTILIZAÇÃO (FU) | L18: TRANSPORTE | M18: IDA/ VOLTA (K) | N18: CUSTO HORÁRIO - CH (R$) | O18: CUSTO DO TRANSPORTE - Cmob (R$) | P18: CUSTO TOTAL DE MOBILIZAÇÃO (R$)
B19: 1.1 | C19: E9117 | D19: CARREGADEIRA DE PNEUS PARA ROCHA COM CAPACIDADE DE 2,9 M³ - 96 KW | E19: RECIFE | F19: CANTEIRO | G19: 67 | H19: 40 | I19: 1.33 | J19: 1 | K19: 0.5 | L19: E9665 | M19: 2 | N19: 415.7346 | O19: =I19*J19*K19*M19*N19 -> 552.92702 | P19: =O19 -> 552.92702
B20: 1.2 | C20: E9119 | D20: CARREGADEIRA COMPACTA COM VALETADEIRA PARA ESCAVAÇÃO ATÉ A PROFUNDIDADE DE 1.575 MM - 55,4 KW | E20: RECIFE | F20: CANTEIRO | G20: 67 | H20: 40 | I20: 1.33 | J20: 1 | K20: 0.5 | L20: E9665 | M20: 2 | N20: 415.7346 | O20: =I20*J20*K20*M20*N20 -> 552.92702 | P20: =O20 -> 552.92702
B21: 1.3 | C21: E9127 | D21: ESCAVADEIRA HIDRÁULICA COM MARTELO HIDRÁULICO DE 520 KG - 75 KW | E21: RECIFE | F21: CANTEIRO | G21: 67 | H21: 40 | I21: 1.33 | J21: 1 | K21: 1 | L21: E9665 | M21: 2 | N21: 415.7346 | O21: =I21*J21*K21*M21*N21 -> 1105.854 | P21: =O21 -> 1105.854
B22: 1.4 | C22: E9511 | D22: CARREGADEIRA DE PNEUS COM CAPACIDADE DE 3,3 M³ - 213 KW | E22: RECIFE | F22: CANTEIRO | G22: 67 | H22: 40 | I22: 1.33 | J22: 3 | K22: 0.5 | L22: E9665 | M22: 2 | N22: 415.7346 | O22: =I22*J22*K22*M22*N22 -> 1658.7811 | P22: =O22 -> 1658.7811
B23: 1.5 | C23: E9514 | D23: DISTRIBUIDOR DE AGREGADOS SOBRE PNEUS AUTOPROPELIDO - 130 KW | E23: RECIFE | F23: CANTEIRO | G23: 67 | H23: 40 | I23: 1.33 | J23: 3 | K23: 0.5 | L23: E9665 | M23: 2 | N23: 415.7346 | O23: =I23*J23*K23*M23*N23 -> 1658.7811 | P23: =O23 -> 1658.7811
B24: 1.6 | C24: E9515 | D24: ESCAVADEIRA HIDRÁULICA SOBRE ESTEIRAS COM CAÇAMBA COM CAPACIDADE DE 1,56 M³ - 118 KW | E24: RECIFE | F24: CANTEIRO | G24: 67 | H24: 40 | I24: 1.33 | J24: 5 | K24: 1 | L24: E9666 | M24: 2 | N24: 463.9457 | O24: =I24*J24*K24*M24*N24 -> 6170.4778 | P24: =O24 -> 6170.4778
B25: 1.7 | C25: E9524 | D25: MOTONIVELADORA - 93 KW | E25: RECIFE | F25: CANTEIRO | G25: 67 | H25: 40 | I25: 1.33 | J25: 2 | K25: 1 | L25: E9665 | M25: 2 | N25: 415.7346 | O25: =I25*J25*K25*M25*N25 -> 2211.7081 | P25: =O25 -> 2211.7081
B26: 1.8 | C26: E9526 | D26: RETROESCAVADEIRA DE PNEUS - CAPACIDADE DA CAÇAMBA DE 0,76M³ - 58KW | E26: RECIFE | F26: CANTEIRO | G26: 67 | H26: 40 | I26: 1.33 | J26: 1 | K26: 0.5 | L26: E9665 | M26: 2 | N26: 415.7346 | O26: =I26*J26*K26*M26*N26 -> 552.92702 | P26: =O26 -> 552.92702
B27: 1.9 | C27: E9530 | D27: ROLO COMPACTADOR LISO AUTOPROPELIDO VIBRATÓRIO DE 11 T - 97 KW | E27: RECIFE | F27: CANTEIRO | G27: 67 | H27: 40 | I27: 1.33 | J27: 1 | K27: 0.5 | L27: E9665 | M27: 2 | N27: 415.7346 | O27: =I27*J27*K27*M27*N27 -> 552.92702 | P27: =O27 -> 552.92702
B28: 1.10 | C28: E9540 | D28: TRATOR SOBRE ESTEIRAS COM LÂMINA - 127 KW | E28: RECIFE | F28: CANTEIRO | G28: 67 | H28: 40 | I28: 1.33 | J28: 1 | K28: 0.5 | L28: E9665 | M28: 2 | N28: 415.7346 | O28: =I28*J28*K28*M28*N28 -> 552.92702 | P28: =O28 -> 552.92702
B29: 1.11 | C29: E9541 | D29: TRATOR SOBRE ESTEIRAS COM LÂMINA - 259 KW | E29: RECIFE | F29: CANTEIRO | G29: 67 | H29: 40 | I29: 1.33 | J29: 1 | K29: 1 | L29: E9665 | M29: 2 | N29: 415.7346 | O29: =I29*J29*K29*M29*N29 -> 1105.854 | P29: =O29 -> 1105.854
B30: 1.12 | C30: E9545 | D30: VIBROACABADORA DE ASFALTO SOBRE ESTEIRAS - 97 KW | E30: RECIFE | F30: CANTEIRO | G30: 67 | H30: 40 | I30: 1.33 | J30: 2 | K30: 1 | L30: E9665 | M30: 2 | N30: 415.7346 | O30: =I30*J30*K30*M30*N30 -> 2211.7081 | P30: =O30 -> 2211.7081
... B44: 1.26 | C44: E9774 | D44: RETROESCAVADEIRA DE PNEUS COM CAÇAMBA DE ESCAVAÇÃO TRAPEZOIDAL OU TRIANGULAR COM SEÇÃO DE CORTE DE 0,30 A 0,50 M² - 58 KW | E44: Recife | F44: Canteiro | G44: 67 | H44: 40 | I44: 1.33 | J44: 2 | K44: 1 | L44: E9665 | M44: 2 | N44: 415.7346 | O44: =I44*J44*K44*M44*N44 -> 2211.7081 | P44: =O44 -> 2211.7081
C45: CUSTO TOTAL DE MOBILIZAÇÃO DE EQUIPAMENTOS PESADOS | P45: =SUM(P19:P44) -> 60905.813
B47: VEÍCULOS DE TRANSPORTE
B48: ITEM | C48: CÓDIGO | D48: DISCRIÇÃO | E48: ORIGEM | F48: DESTINO | G48: DISTANCIA DE MOBILIZAÇÃO (km) | H48: VELOCIDADE MÉDIA - V (km/h) | I48: TEMPO DE VIAGEM (h) | J48: QUANTIDADE (número) | K48: FATOR DE UTILIZAÇÃO (FU) | L48: TRANSPORTE | M48: IDA/ VOLTA (K) | N48: CUSTO HORÁRIO - CH (R$) | O48: CUSTO DO TRANSPORTE - Cmob (R$) | P48: CUSTO TOTAL DE MOBILIZAÇÃO (R$)
B49: 2.1 | C49: E9082 | D49: BATE-ESTACA HIDRÁULICO PARA DEFENSAS MONTADO EM CAMINHÃO GUINDAUTO COM CAPACIDADE DE 20 T.M E CARROCERIA DE 4 T - 136 KW | E49: RECIFE | F49: CANTEIRO | G49: 67 | H49: 40 | I49: 1.33 | J49: 1 | K49: 1 | L49: E9082 | M49: 1 | N49: 391.4404 | O49: =I49*J49*K49*M49*N49 -> 520.61573 | P49: =O49 -> 520.61573
B50: 2.2 | C50: E9509 | D50: CAMINHÃO TANQUE DISTRIBUIDOR DE ASFALTO COM CAPACIDADE DE 6.000 L - 7 KW/136 KW | E50: RECIFE | F50: CANTEIRO | G50: 67 | H50: 40 | I50: 1.33 | J50: 1 | K50: 1 | L50: E9509 | M50: 1 | N50: 333.8549 | O50: =I50*J50*K50*M50*N50 -> 444.02702 | P50: =O50 -> 444.02702
B51: 2.3 | C51: E9571 | D51: CAMINHÃO TANQUE COM CAPACIDADE DE 10.000 L - 188 KW | E51: RECIFE | F51: CANTEIRO | G51: 67 | H51: 40 | I51: 1.33 | J51: 6 | K51: 1 | L51: E9571 | M51: 1 | N51: 355.6851 | O51: =I51*J51*K51*M51*N51 -> 2838.3671 | P51: =O51 -> 2838.3671
B52: 2.4 | C52: E9645 | D52: CAMINHÃO APLICADOR DE MATERIAL TERMOPLÁSTICO - 233 KW | E52: RECIFE | F52: CANTEIRO | G52: 67 | H52: 40 | I52: 1.33 | J52: 1 | K52: 1 | L52: E9645 | M52: 1 | N52: 689.5744 | O52: =I52*J52*K52*M52*N52 -> 917.13395 | P52: =O52 -> 917.13395
B53: 2.5 | C53: E9667 | D53: CAMINHÃO BASCULANTE COM CAPACIDADE DE 14 M³ - 295 KW | E53: RECIFE | F53: CANTEIRO | G53: 67 | H53: 40 | I53: 1.33 | J53: 20 | K53: 1 | L53: E9667 | M53: 1 | N53: 321.1662 | O53: =I53*J53*K53*M53*N53 -> 8543.0209 | P53: =O53 -> 8543.0209
B54: 2.6 | C54: E9672 | D54: CAMINHÃO BASCULANTE PARA ROCHA COM CAPACIDADE DE 12 M³ - 294 KW | E54: RECIFE | F54: CANTEIRO | G54: 67 | H54: 40 | I54: 1.33 | J54: 1 | K54: 1 | L54: E9672 | M54: 1 | N54: 350.8662 | O54: =I54*J54*K54*M54*N54 -> 466.65205 | P54: =O54 -> 466.65205
B55: 2.7 | C55: E9686 | D55: CAMINHÃO CARROCERIA COM GUINDAUTO COM CAPACIDADE DE 20 T. | E55: RECIFE | F55: CANTEIRO | G55: 67 | H55: 40 | I55: 1.33 | J55: 1 | K55: 1 | L55: E9686 | M55: 1 | N55: 316.3314 | O55: =I55*J55*K55*M55*N55 -> 420.72076 | P55: =O55 -> 420.72076
B56: 2.8 | C56: E9687 | D56: CAMINHÃO CARROCERIA COM CAPACIDADE DE 5 T - 115 KW | E56: RECIFE | F56: CANTEIRO | G56: 67 | H56: 40 | I56: 1.33 | J56: 1 | K56: 1 | L56: E9687 | M56: 1 | N56: 175.1944 | O56: =I56*J56*K56*M56*N56 -> 233.00855 | P56: =O56 -> 233.00855
B57: 2.9 | C57: E9785 | D57: GUINDASTE MÓVEL SOBRE PNEUS COM 2 EIXOS COM CAPACIDADE MÁXIMA DE 55 T - 186 KW | E57: RECIFE | F57: CANTEIRO | G57: 67 | H57: 40 | I57: 1.33 | J57: 1 | K57: 1 | L57: E9785 | M57: 1 | N57: 510.9686 | O57: =I57*J57*K57*M57*N57 -> 679.58824 | P57: =O57 -> 679.58824
B58: 2.10 | C58: E9792 | D58: CAMINHÃO PARA HIDROSSEMEADURA COM CAPACIDADE DE 7.500 L - 136 KW | E58: RECIFE | F58: CANTEIRO | G58: 67 | H58: 40 | I58: 1.33 | J58: 2 | K58: 1 | L58: E9792 | M58: 1 | N58: 591.0242 | O58: =I58*J58*K58*M58*N58 -> 1572.1244 | P58: =O58 -> 1572.1244
C59: CUSTO TOTAL DE MOBILIZAÇÃO DE VEÍCULOS DE TRANSPORTE | P59: =SUM(P49:P58) -> 16635.259
B62: EQUIPAMENTOS DE PEQUENO PORTE (EMBARCADOS EM CAMINHÕES)
B63: ITEM | C63: CÓDIGO | D63: DISCRIÇÃO | E63: ORIGEM | F63: DESTINO | G63: DISTANCIA DE MOBILIZAÇÃO (km) | H63: QUANTIDADE (número) | I63: IDA/ VOLTA (K) | J63: PESO UNITÁRIO (kg) | K63: PESO (kg)
B64: 3.0 | C64: E9008 | D64: TRANSPORTADOR MANUAL DE TUBOS DE CONCRETO COM CAPACIDADE DE 1T. | E64: RECIFE | F64: CANTEIRO | G64: 67 | H64: 9 | I64: 1 | J64: 75 | K64: =H64*J64 -> 675
B65: 3.1 | C65: E9010 | D65: BALANÇA PLATAFORMA DIGITAL COM MESA DE 75 X 75 CM COM CAPACIDADE DE 500 KG | E65: RECIFE | F65: CANTEIRO | G65: 67 | H65: 5 | I65: 1 | J65: 21.3 | K65: =H65*J65 -> 106.5
B66: 3.2 | C66: E9011 | D66: CARRO MANUAL MODELO PLATAFORMA DE 200 X 80 CM COM CAPACIDADE DE 800 KG | E66: RECIFE | F66: CANTEIRO | G66: 67 | H66: 1 | I66: 1 | J66: 54 | K66: =H66*J66 -> 54
B67: 3.3 | C67: E9021 | D67: GRUPO GERADOR - 456 KVA | E67: RECIFE | F67: CANTEIRO | G67: 67 | H67: 2 | I67: 1 | J67: 3405 | K67: =H67*J67 -> 6810
B68: 3.4 | C68: E9064 | D68: TRANSPORTADOR MANUAL GERICA COM CAPACIDADE DE 180 L | E68: RECIFE | F68: CANTEIRO | G68: 67 | H68: 6 | I68: 1 | J68: 39.35 | K68: =H68*J68 -> 236.1
B69: 3.5 | C69: E9066 | D69: GRUPO GERADOR - 13/14 KVA | E69: RECIFE | F69: CANTEIRO | G69: 67 | H69: 3 | I69: 1 | J69: 810 | K69: =H69*J69 -> 2430
B70: 3.6 | C70: E9069 | D70: VIBRADOR DE IMERSÃO PARA CONCRETO - 4,10 KW | E70: RECIFE | F70: CANTEIRO | G70: 67 | H70: 1 | I70: 1 | J70: 19.5 | K70: =H70*J70 -> 19.5
B71: 3.7 | C71: E9071 | D71: TRANSPORTADOR MANUAL CARRINHO DE MÃO COM CAPACIDADE DE 80 L | E71: RECIFE | F71: CANTEIRO | G71: 67 | H71: 18 | I71: 1 | J71: 15.75 | K71: =H71*J71 -> 283.5
B72: 3.8 | C72: E9076 | D72: EQUIPAMENTO PARA PINTURA ELETROSTÁTICA COM CABINE DUPLA DE 7,00 KW E ESTUFA DE 80.000 KCAL | E72: RECIFE | F72: CANTEIRO | G72: 67 | H72: 1 | I72: 1 | J72: 890 | K72: =H72*J72 -> 890
B73: 3.9 | C73: E9507 | D73: PLOTADORA DE RECORTE COM COMPUTADOR E PROGRAMA COMPUTACIONAL | E73: RECIFE | F73: CANTEIRO | G73: 67 | H73: 1 | I73: 1 | J73: 64 | K73: =H73*J73 -> 64
B74: 3.10 | C74: E9518 | D74: GRADE DE 24 DISCOD REBOCÁVEL DED=60CM (24") | E74: RECIFE | F74: CANTEIRO | G74: 67 | H74: 3 | I74: 1 | J74: 1860 | K74: =H74*J74 -> 5580
B75: 3.11 | C75: E9519 | D75: BETONEIRA COM MOTOR A GASOLINA COM CAPACIDADE DE 600 L - 10 KW | E75: RECIFE | F75: CANTEIRO | G75: 67 | H75: 5 | I75: 1 | J75: 1040 | K75: =H75*J75 -> 5200
... B81: 3.17 | C81: E9556 | D81: COMPACTADOR MANUAL DE PLACA VIBRATÓRIA - 3,00 KW | E81: RECIFE | F81: CANTEIRO | G81: 67 | H81: 1 | I81: 1 | J81: 72 | K81: =H81*J81 -> 72
B82: 3.18 | C82: E9559 | D82: AQUECEDOR DE FLUIDO TÉRMICO - 12 KW | E82: RECIFE | F82: CANTEIRO | G82: 67 | H82: 2 | I82: =ROUNDUP(H82/182.49,0) -> 1 | J82: 130 | K82: =H82*J82 -> 260
B83: 3.19 | C83: E9568 | D83: FURADEIRA DE IMPACTO DE 12,5 MM - 0,80 KW | E83: RECIFE | F83: CANTEIRO | G83: 67 | H83: 1 | I83: 1 | J83: 2.5 | K83: =H83*J83 -> 2.5
B84: 3.20 | C84: E9622 | D84: MÁQUINA DE BANCADA UNIVERSAL PARA CORTE DE CHAPA - 1,50 KW | E84: RECIFE | F84: CANTEIRO | G84: 67 | H84: 1 | I84: 1 | J84: 790 | K84: =H84*J84 -> 790
B85: 3.21 | C85: E9623 | D85: MÁQUINA DE BANCADA GUILHOTINA - 4,00 KW | E85: RECIFE | F85: CANTEIRO | G85: 67 | H85: 1 | I85: 1 | J85: 1270 | K85: =H85*J85 -> 1270
B86: 3.22 | C86: E9632 | D86: CONJUNTO VIBRATÓRIO PARA TUBOS DE CONCRETO COM ENCAIXE PB E 3 JOGOS DE FORMAS - D = 20 CM - 2,2 KW | E86: RECIFE | F86: CANTEIRO | G86: 67 | H86: 17 | I86: 1 | J86: 64.115 | K86: =H86*J86 -> 1089.955
B87: 3.23 | C87: E9643 | D87: EQUIPAMENTO PARA PINTURA A AR COMPRIMIDO DE PISTOLA COM CANECA COM CAPACIDADE DE 1.000 ML E COMPRESSOR DE 1,50 KW | E87: RECIFE | F87: CANTEIRO | G87: 67 | H87: 1 | I87: 1 | J87: 76 | K87: =H87*J87 -> 76
B88: 3.24 | C88: E9646 | D88: COMPRESSOR DE AR PORTÁTIL DE 58,52 L/S (124 PCM) - 27 KW | E88: RECIFE | F88: CANTEIRO | G88: 67 | H88: 1 | I88: 1 | J88: 800 | K88: =H88*J88 -> 800
B89: 3.25 | C89: E9647 | D89: COMPACTADOR MANUAL COM SOQUETE VIBRATÓRIO - 4,10 KW | E89: RECIFE | F89: CANTEIRO | G89: 67 | H89: 5 | I89: 1 | J89: 78 | K89: =H89*J89 -> 390
B90: 3.26 | C90: E9662 | D90: EQUIPAMENTO PARA SOLDA E CORTE COM OXIACETILENO | E90: RECIFE | F90: CANTEIRO | G90: 67 | H90: 1 | I90: 1 | J90: 180 | K90: =H90*J90 -> 180
B91: 3.27 | C91: E9668 | D91: FÁBRICA DE PRÉ-MOLDADO DE CONCRETO COM GUARDA CORPO - 2,2 KW | E91: RECIFE | F91: CANTEIRO | G91: 67 | H91: 1 | I91: 1 | J91: 300 | K91: =H91*J91 -> 300
B92: 3.28 | C92: E9675 | D92: MARTELETE PERFURADOR/ROMPEDOR ELÉTRICO - 1,50 KW | E92: RECIFE | F92: CANTEIRO | G92: 67 | H92: 1 | I92: 1 | J92: 8.9 | K92: =H92*J92 -> 8.9
B93: 3.29 | C93: E9717 | D93: MÁQUINA POLICORTE - 2,20 KW | E93: RECIFE | F93: CANTEIRO | G93: 67 | H93: 1 | I93: 1 | J93: 16 | K93: =H93*J93 -> 16
B94: 3.30 | C94: E9719 | D94: TALHA MANUAL COM CAPACIDADE DE 3 T | E94: RECIFE | F94: CANTEIRO | G94: 67 | H94: 1 | I94: 1 | J94: 28 | K94: =H94*J94 -> 28
... B97: 3.32 | C97: E9765 | D97: GRUPO GERADOR - 569 KVA | E97: RECIFE | F97: CANTEIRO | G97: 67 | H97: 1 | I97: 1 | J97: 4600 | K97: =H97*J97 -> 4600
B98: 3.33 | C98: E9779 | D98: GRUPO GERADOR - 113 KVA | E98: RECIFE | F98: CANTEIRO | G98: 67 | H98: 3 | I98: 1 | J98: 1589 | K98: =H98*J98 -> 4767 | L98: CÓDIGO | M98: CUSTO DO TRANSPORTE - Cmob (R$) | O98: CUSTO MOBILIZAÇÃO (R$)
B99: Carga, manobra e descarga de materiais diversos em caminhão carroceria de 15 t - carga e descarga manuais | K99: =SUM(K64:K98)/1000 -> 42.304955 | L99: 5914655 | M99: 34.38 | O99: =K99*M99*2 -> 2908.8887
